Workbook

Sheet 5yr Budget Projection
A1: 5 YEAR BUDGET PROJECTION
A2: School Name: Tapestry Public Charter School Clayton | B2: FY2026 | D2: FY2027 | F2: FY2028 | H2: FY2029 | J2: FY2030 | L2: FY2031
B3: Planning Year | C3: % of Total | D3: Year 1 | E3: % of Total | F3: Year 2 | G3: % of Total | H3: Year 3 | I3: % of Total | J3: Year 4 | K3: % of Total | L3: Year 5 | M3: % of Total
A4: ASSUMPTIONS | N4: Notes
A5: Number of Students | D5: =220/2 -> 110 | F5: =263/2 -> 131.5 | H5: =301/2 -> 150.5 | J5: =301/2 -> 150.5 | L5: =301/2 -> 150.5 | N5: Enrollment at 50%
A6: Facility Square Footage | D6: =16875/2 -> 8437.5 | F6: =19875/2 -> 9937.5 | H6: =22575/2 -> 11287.5 | J6: =H6 -> 11287.5 | L6: =J6 -> 11287.5 | N6: Sqt at 50% of the enrollment
A7: Number of Full Time Employees | D7: =27/2 -> 13.5 | F7: =33.5/2 -> 16.75 | H7: 20 | J7: 20 | L7: 20
A8: Full Time Employees (eligible for benefits) | D8: =13.5 -> 13.5 | F8: =16.75 -> 16.75 | H8: 20 | J8: 20 | L8: 20
A9: Number of Administrators | D9: 1 | F9: 2 | H9: 2 | J9: 2 | L9: 2 | N9: Principal, Assistant Principle
A10: Number of Teachers | D10: 5 | F10: 6 | H10: 6.5 | J10: 6.5 | L10: 6.5 | N10: Classroom teachers,
A11: Number of Other Instructional Staff | D11: 1 | F11: 2 | H11: 4 | J11: 4 | L11: 4 | N11: PE, Art, Music and language, special ed
A12: Number of Clerical Staff | D12: 2 | F12: 2 | H12: 2 | J12: 2 | L12: 2 | N12: Registrar, bookkeeper
A13: Number of Maintenance Staff | D13: 1 | F13: 1 | H13: 1 | J13: 1 | L13: 1 | N13: Facility
A14: Number of Food Service Staff | D14: 0 | F14: 0 | H14: 0 | J14: 0 | L14: 0 | N14: Outsourced
A15: Student Teacher Ratio | D15: l:12 | F15: 0.057638889 | H15: 0.057638889 | J15: 0.057638889 | L15: 0.057638889
A16: Revenue Per Pupil (State and/or Local) | D16: 13571.65 | F16: =D16*1.02 -> 13843.083 | H16: =F16*1.02 -> 14119.945 | J16: =H16*1.02 -> 14402.344 | L16: =J16*1.02 -> 14690.39 | N16: consevative meansure with no increase per year with 2% increase
A17: Average Teacher Salary | D17: 59000 | F17: 57977.143 | H17: 58869.6 | J17: ='[1]Enrollment & Payroll Summary'!F33 -> 59708.437 | L17: ='[1]Enrollment & Payroll Summary'!F34 -> 59508.818 | N17: State salary schedule met local stipend with additional 8%. 2% step increae per year
A19: REVENUES
A20: State and/or Local Revenue (Rev Per Pupil*# of students) | B20: =B16*B5 -> 0 | C20: =IF($B$32=0,"",B20/$B$32) -> 0 | D20: =D16*D5 -> 1492881.5 | E20: =IF($D$32=0,"",D20/$D$32) -> 0.96684516 | F20: =F16*F5 -> 1820365.4 | G20: =IF($F$32=0,"",F20/$F$32) -> 0.96024941 | H20: =H16*H5 -> 2125051.7 | I20: =IF($H$32=0,"",H20/$H$32) -> 0.95007958 | J20: =J16*J5 -> 2167552.7 | K20: =IF($J$32=0,"",J20/$J$32) -> 0.92861217 | L20: =L16*L5 -> 2210903.8 | M20: =IF($L$32=0,"",L20/$L$32) -> 0.89851833
A21: 3% District Administrative Fee (Explain any changes in notes) | B21: =-(B20*0.03) -> 0 | C21: =IF($B$32=0,"",B21/$B$32) -> 0 | D21: =-(D20*0.03) -> -44786.445 | E21: =IF($D$32=0,"",D21/$D$32) -> -0.029005355 | F21: =-(F20*0.03) -> -54610.962 | G21: =IF($F$32=0,"",F21/$F$32) -> -0.028807482 | H21: =-(H20*0.03) -> -63751.55 | I21: =IF($H$32=0,"",H21/$H$32) -> -0.028502388 | J21: =-(J20*0.03) -> -65026.581 | K21: =IF($J$32=0,"",J21/$J$32) -> -0.027858365 | L21: =-(L20*0.03) -> -66327.113 | M21: =IF($L$32=0,"",L21/$L$32) -> -0.02695555 | N21: Clayton county 2% admin fee only
A22: Meal Fees | C22: =IF($B$32=0,"",B22/$B$32) -> 0 | D22: =D94 -> 45980 | E22: =IF($D$32=0,"",D22/$D$32) -> 0.029778345 | F22: =F94 -> 54967 | G22: =IF($F$32=0,"",F22/$F$32) -> 0.028995294 | H22: =H94 -> 62909 | I22: =IF($H$32=0,"",H22/$H$32) -> 0.028125696 | J22: =J94 -> 62909 | K22: =IF($J$32=0,"",J22/$J$32) -> 0.026951161 | L22: =L94 -> 62909 | M22: =IF($L$32=0,"",L22/$L$32) -> 0.025566418 | N22: Each year based on the $3.25/meal collected with 80% participation at 190 days
A23: Donation | C23: =IF($B$32=0,"",B23/$B$32) -> 0 | D23: 50000 | E23: =IF($D$32=0,"",D23/$D$32) -> 0.032381846 | F23: =D23*1.5 -> 75000 | G23: =IF($F$32=0,"",F23/$F$32) -> 0.039562774 | H23: =F23*1.5 -> 112500 | I23: =IF($H$32=0,"",H23/$H$32) -> 0.050297108 | J23: =H23*1.5 -> 168750 | K23: =IF($J$32=0,"",J23/$J$32) -> 0.072295037 | L23: =J23*1.5 -> 253125 | M23: =IF($L$32=0,"",L23/$L$32) -> 0.10287081 | N23: Initial start fund fund 180K. Y1 starting with $50K, with 50% increate per year
A24: Grants | B24: 225000 | C24: =IF($B$32=0,"",B24/$B$32) -> 0.42857143 | E24: =IF($D$32=0,"",D24/$D$32) -> 0 | G24: =IF($F$32=0,"",F24/$F$32) -> 0 | I24: =IF($H$32=0,"",H24/$H$32) -> 0 | K24: =IF($J$32=0,"",J24/$J$32) -> 0 | M24: =IF($L$32=0,"",L24/$L$32) -> 0 | N24: Use for facilities related expense
A25: Foundation | B25: 300000 | C25: =IF($B$32=0,"",B25/$B$32) -> 0.57142857 | E25: =IF($D$32=0,"",D25/$D$32) -> 0 | G25: =IF($F$32=0,"",F25/$F$32) -> 0 | I25: =IF($H$32=0,"",H25/$H$32) -> 0 | K25: =IF($J$32=0,"",J25/$J$32) -> 0 | M25: =IF($L$32=0,"",L25/$L$32) -> 0 | N25: Seed money from foundation
C26: =IF($B$32=0,"",B26/$B$32) -> 0 | E26: =IF($D$32=0,"",D26/$D$32) -> 0 | G26: =IF($F$32=0,"",F26/$F$32) -> 0 | I26: =IF($H$32=0,"",H26/$H$32) -> 0 | K26: =IF($J$32=0,"",J26/$J$32) -> 0 | M26: =IF($L$32=0,"",L26/$L$32) -> 0
C27: =IF($B$32=0,"",B27/$B$32) -> 0 | E27: =IF($D$32=0,"",D27/$D$32) -> 0 | G27: =IF($F$32=0,"",F27/$F$32) -> 0 | I27: =IF($H$32=0,"",H27/$H$32) -> 0 | K27: =IF($J$32=0,"",J27/$J$32) -> 0 | M27: =IF($L$32=0,"",L27/$L$32) -> 0
C28: =IF($B$32=0,"",B28/$B$32) -> 0 | E28: =IF($D$32=0,"",D28/$D$32) -> 0 | G28: =IF($F$32=0,"",F28/$F$32) -> 0 | I28: =IF($H$32=0,"",H28/$H$32) -> 0 | K28: =IF($J$32=0,"",J28/$J$32) -> 0 | M28: =IF($L$32=0,"",L28/$L$32) -> 0
C29: =IF($B$32=0,"",B29/$B$32) -> 0 | E29: =IF($D$32=0,"",D29/$D$32) -> 0 | G29: =IF($F$32=0,"",F29/$F$32) -> 0 | I29: =IF($H$32=0,"",H29/$H$32) -> 0 | K29: =IF($J$32=0,"",J29/$J$32) -> 0 | M29: =IF($L$32=0,"",L29/$L$32) -> 0
C30: =IF($B$32=0,"",B30/$B$32) -> 0 | E30: =IF($D$32=0,"",D30/$D$32) -> 0 | G30: =IF($F$32=0,"",F30/$F$32) -> 0 | I30: =IF($H$32=0,"",H30/$H$32) -> 0 | K30: =IF($J$32=0,"",J30/$J$32) -> 0 | M30: =IF($L$32=0,"",L30/$L$32) -> 0
C31: =IF($B$32=0,"",B31/$B$32) -> 0 | E31: =IF($D$32=0,"",D31/$D$32) -> 0 | G31: =IF($F$32=0,"",F31/$F$32) -> 0 | I31: =IF($H$32=0,"",H31/$H$32) -> 0 | K31: =IF($J$32=0,"",J31/$J$32) -> 0 | M31: =IF($L$32=0,"",L31/$L$32) -> 0
A32: Total Revenues | B32: =SUM(B20:B31) -> 525000 | D32: =SUM(D20:D31) -> 1544075.1 | F32: =SUM(F20:F31) -> 1895721.5 | H32: =SUM(H20:H31) -> 2236709.1 | J32: =SUM(J20:J31) -> 2334185.1 | L32: =SUM(L20:L31) -> 2460610.6
A34: EXPENSES
A35: PERSONNEL
A36: Principal | C36: =B36/B$115 -> 0 | D36: ='[1]Staffing Matrix'!J6+'[1]Staffing Matrix'!J8 -> 100000 | E36: =D36/D$115 -> 0.065674388 | F36: =D36*1.02 -> 102000 | G36: =F36/F$115 -> 0.055629927 | H36: =F36*1.02 -> 104040 | I36: =H36/H$115 -> 0.049264028 | J36: =H36*1.02 -> 106120.8 | K36: =J36/J$115 -> 0.049050391 | L36: =J36*1.02 -> 108243.22 | M36: =L36/L$115 -> 0.048599282 | N36: 1 Principal Each year included 2% increase
A37: Social Services (Social Worker/Counselor/Nurse) | C37: =B37/B$115 -> 0 | D37: 59000 | E37: =D37/D$115 -> 0.038747889 | F37: =D37*1.02 -> 60180 | G37: =F37/F$115 -> 0.032821657 | H37: =F37*1.02 -> 61383.6 | I37: =H37/H$115 -> 0.029065777 | J37: =H37*1.02 -> 62611.272 | K37: =J37/J$115 -> 0.02893973 | L37: =J37*1.02 -> 63863.497 | M37: =L37/L$115 -> 0.028673577 | N37: 1FT nurse with 2% increase
A38: Technology Support | C38: =B38/B$115 -> 0 | D38: 22500 | E38: =D38/D$115 -> 0.014776737 | F38: =D38*1.02 -> 22950 | G38: =F38/F$115 -> 0.012516734 | H38: =F38*1.02 -> 23409 | I38: =H38/H$115 -> 0.011084406 | J38: =H38*1.02 -> 23877.18 | K38: =J38/J$115 -> 0.011036338 | L38: =J38*1.02 -> 24354.724 | M38: =L38/L$115 -> 0.010934839 | N38: 1PT Each year included 2% increase
A39: Teachers | B39: =B10*B17 -> 0 | C39: =B39/B$115 -> 0 | D39: =D10*D17 -> 295000 | E39: =D39/D$115 -> 0.19373945 | F39: =F10*F17 -> 347862.86 | G39: =F39/F$115 -> 0.18972143 | H39: =H10*H17 -> 382652.4 | I39: =H39/H$115 -> 0.18118991 | J39: =J10*J17 -> 388104.84 | K39: =J39/J$115 -> 0.17938702 | L39: =L10*L17 -> 386807.32 | M39: =L39/L$115 -> 0.17366962 | N39: Auto calculate, included salary increase per average salary. Included classroom teachers and special ed teachers
A40: Arts/PE/Comp Sci | C40: =B40/B$115 -> 0 | D40: =59000 -> 59000 | E40: =D40/D$115 -> 0.038747889 | F40: =D40*1.02 -> 60180 | G40: =F40/F$115 -> 0.032821657 | H40: =F40*1.02+59000 -> 120383.6 | I40: =H40/H$115 -> 0.057002894 | J40: =H40*1.02 -> 122791.27 | K40: =J40/J$115 -> 0.056755696 | L40: =J40*1.02 -> 125247.1 | M40: =L40/L$115 -> 0.056233723 | N40: Y1 :1FT art, music, PE, drama, languge. Y2: Add 1FT each year. Each year included 2% increase.
A41: Athletics/Extracurricular Coaches | C41: =B41/B$115 -> 0 | E41: =D41/D$115 -> 0 | G41: =F41/F$115 -> 0 | I41: =H41/H$115 -> 0 | K41: =J41/J$115 -> 0 | M41: =L41/L$115 -> 0
A42: Guidance Counselor | C42: =B42/B$115 -> 0 | E42: =D42/D$115 -> 0 | F42: =D42*1.02 -> 0 | G42: =F42/F$115 -> 0 | H42: =F42*1.02 -> 0 | I42: =H42/H$115 -> 0 | J42: =H42*1.02+'[1]Staffing Matrix'!J141 -> 25000 | K42: =J42/J$115 -> 0.01155532 | L42: =J42*1.02 -> 25500 | M42: =L42/L$115 -> 0.011449047
A43: Special Education Teacher | C43: =B43/B$115 -> 0 | D43: 75000 | E43: =D43/D$115 -> 0.049255791 | F43: =D43*1.02 -> 76500 | G43: =F43/F$115 -> 0.041722446 | H43: =F43*1.02 -> 78030 | I43: =H43/H$115 -> 0.036948021 | J43: =H43*1.02 -> 79590.6 | K43: =J43/J$115 -> 0.036787793 | L43: =J43*1.02 -> 81182.412 | M43: =L43/L$115 -> 0.036449462 | N43: Inlcude FT special Ed coordinator and Austim Specailst. special ed teachers are included in teachers. Each year with 2% increase
A44: Office Manager | C44: =B44/B$115 -> 0 | D44: 55000 | E44: =D44/D$115 -> 0.036120914 | F44: =D44*1.02 -> 56100 | G44: =F44/F$115 -> 0.03059646 | H44: =F44*1.02 -> 57222 | I44: =H44/H$115 -> 0.027095216 | J44: =H44*1.02 -> 58366.44 | K44: =J44/J$115 -> 0.026977715 | L44: =J44*1.02 -> 59533.769 | M44: =L44/L$115 -> 0.026729605 | N44: Sceretary/Registrar. Each year included 2% increase
A45: Office Assistant | C45: =B45/B$115 -> 0 | E45: =D45/D$115 -> 0 | G45: =F45/F$115 -> 0 | I45: =H45/H$115 -> 0 | K45: =J45/J$115 -> 0 | M45: =L45/L$115 -> 0
A46: Business manager | C46: =B46/B$115 -> 0 | E46: =D46/D$115 -> 0 | F46: =D46*1.02 -> 0 | G46: =F46/F$115 -> 0 | H46: 50000 | I46: =H46/H$115 -> 0.023675523 | J46: =H46*1.02 -> 51000 | K46: =J46/J$115 -> 0.023572852 | L46: =J46*1.02 -> 52020 | M46: =L46/L$115 -> 0.023356056 | N46: Bookkeeper start in Y3. Each year included 2% increase
A47: Maintenance | C47: =B47/B$115 -> 0 | D47: 20000 | E47: =D47/D$115 -> 0.013134878 | F47: =D47*1.02 -> 20400 | G47: =F47/F$115 -> 0.011125985 | H47: =F47*1.02 -> 20808 | I47: =H47/H$115 -> 0.0098528056 | J47: =H47*1.02 -> 21224.16 | K47: =J47/J$115 -> 0.0098100781 | L47: =J47*1.02 -> 21648.643 | M47: =L47/L$115 -> 0.0097198564 | N47: Facility maintainence and sanitation. Each year included 2% increase by utilize the current service provider for current campus
A48: Food Service | C48: =B48/B$115 -> 0 | E48: =D48/D$115 -> 0 | G48: =F48/F$115 -> 0 | I48: =H48/H$115 -> 0 | K48: =J48/J$115 -> 0 | M48: =L48/L$115 -> 0 | N48: 100% outsourced, in house needs will be met with other staffs.
A49: Retirement Benefits | C49: =B49/B$115 -> 0 | D49: =(D36+D37+D38+D40+D41+D42+D43+D44+D45+D46+D47+D48+1121000)*20.78% -> 314089.7 | E49: =D49/D$115 -> 0.20627649 | F49: =(F36+F37+F38+F40+F41+F42+F43+F44+F45+F46+F47+F48+1121000)*20.78% -> 315712.62 | G49: =F49/F$115 -> 0.17218696 | H49: =(H36+H37+H38+H40+H41+H42+H43+H44+H45+H46+H47+H48+1121000)*20.78% -> 340018.19 | I49: =H49/H$115 -> 0.16100217 | J49: =(J36+J37+J38+J40+J41+J42+J43+J44+J45+J46+J47+J48+1121000)*20.78% -> 347354.68 | K49: =J49/J$115 -> 0.16055178 | L49: =(L36+L37+L38+L40+L41+L42+L43+L44+L45+L46+L47+L48+1121000)*20.78% -> 349642.9 | M49: =L49/L$115 -> 0.15698345 | N49: Projected with TRS rate at 20.78%
A50: Health Benefits | C50: =B50/B$115 -> 0 | D50: =4000*0.7*D7 -> 37800 | E50: =D50/D$115 -> 0.024824919 | F50: =4000*0.7*F7 -> 46900 | G50: =F50/F$115 -> 0.025578859 | H50: =4000*0.7*H7 -> 56000 | I50: =H50/H$115 -> 0.026516586 | J50: =4000*0.7*J7 -> 56000 | K50: =J50/J$115 -> 0.025883916 | L50: =4000*0.7*L7 -> 56000 | M50: =L50/L$115 -> 0.025143006 | N50: Based on actual $4000 per employee. Each year incldued 2% increase with 70% participation rate
A51: FICA | C51: =B51/B$115 -> 0 | D51: =(D38+D39+D40+D42+D43+D44+D45+D46+D47+D48+D49+D50+D54+D36+D41)*2.77% -> 27101.395 | E51: =D51/D$115 -> 0.017798675 | F51: =(F38+F39+F40+F42+F43+F44+F45+F46+F47+F48+F49+F50+F54+F36+F41)*2.77% -> 31539.372 | G51: =F51/F$115 -> 0.017201303 | H51: =(H38+H39+H40+H42+H43+H44+H45+H46+H47+H48+H49+H50+H54+H36+H41)*2.77% -> 36684.86 | I51: =H51/H$115 -> 0.017370665 | J51: =(J38+J39+J40+J42+J43+J44+J45+J46+J47+J48+J49+J50+J54+J36+J41)*2.77% -> 38033.928 | K51: =J51/J$115 -> 0.017579768 | L51: =(L38+L39+L40+L42+L43+L44+L45+L46+L47+L48+L49+L50+L54+L36+L41)*2.77% -> 38383.58 | M51: =L51/L$115 -> 0.017233546 | N51: projected with ER tax rate at 2.77%.
A52: Other Payroll Expenses/Taxes | C52: =B52/B$115 -> 0 | E52: =D52/D$115 -> 0 | G52: =F52/F$115 -> 0 | I52: =H52/H$115 -> 0 | K52: =J52/J$115 -> 0 | M52: =L52/L$115 -> 0
A53: CEO & COO | C53: =B53/B$115 -> 0 | D53: =150000*0.25 -> 37500 | E53: =D53/D$115 -> 0.024627896 | F53: =150000*0.35 -> 52500 | G53: =F53/F$115 -> 0.028633051 | H53: =150000*0.5 -> 75000 | I53: =H53/H$115 -> 0.035513284 | J53: 75000 | K53: =J53/J$115 -> 0.034665959 | L53: =J53*1.02 -> 76500 | M53: =L53/L$115 -> 0.034347142 | N53: CEO salary share with Tapestry Charter school. Y1: 25%, Y2:35%, Y3-5: 50% with 50% enrollment
A54: Assistant Principle | C54: =B54/B$115 -> 0 | E54: =D54/D$115 -> 0 | F54: 90000 | G54: =F54/F$115 -> 0.04908523 | H54: =F54*1.02 -> 91800 | I54: =H54/H$115 -> 0.04346826 | J54: =H54*1.02 -> 93636 | K54: =J54/J$115 -> 0.043279756 | L54: =J54*1.02 -> 95508.72 | M54: =L54/L$115 -> 0.04288172 | N54: Assistant priciple Y2 1 FT
A55: Total Personnel | B55: =SUM(B36:B54) -> 0 | C55: =B55/B$115 -> 0 | D55: =SUM(D36:D54) -> 1101991.1 | E55: =D55/D$115 -> 0.72372591 | F55: =SUM(F36:F54) -> 1282824.8 | G55: =F55/F$115 -> 0.6996417 | H55: =SUM(H36:H54) -> 1497431.7 | I55: =H55/H$115 -> 0.70904955 | J55: =SUM(J36:J54) -> 1548711.2 | K55: =J55/J$115 -> 0.71583411 | L55: =SUM(L36:L54) -> 1564435.9 | M55: =L55/L$115 -> 0.70240393
A57: INSTRUCTION
A58: Textbooks | C58: =B58/B$115 -> 0 | D58: =75*D5 -> 8250 | E58: =D58/D$115 -> 0.005418137 | F58: =75*F5 -> 9862.5 | G58: =F58/F$115 -> 0.0053789231 | H58: =75*H5 -> 11287.5 | I58: =H58/H$115 -> 0.0053447493 | J58: =75*J5 -> 11287.5 | K58: =J58/J$115 -> 0.0052172268 | L58: =75*L5 -> 11287.5 | M58: =L58/L$115 -> 0.0050678871 | N58: Based on $75/student * # of student. Unit cost included 2% increase pe ryear
A59: Classroom Supplies | B59: 5000 | C59: =B59/B$115 -> 0.017755682 | D59: 5000 | E59: =D59/D$115 -> 0.0032837194 | F59: 5000 | G59: =F59/F$115 -> 0.0027269572 | H59: 5000 | I59: =H59/H$115 -> 0.0023675523 | J59: =H59*1.02 -> 5100 | K59: =J59/J$115 -> 0.0023572852 | L59: =J59*1.02 -> 5202 | M59: =L59/L$115 -> 0.0023356056 | N59: Y1&2 needs more, then Y3 supplies should be steablized.
A60: Computers | B60: =250*D5 -> 27500 | C60: =B60/B$115 -> 0.09765625 | E60: =D60/D$115 -> 0 | F60: =250*(F5-D5) -> 5375 | G60: =F60/F$115 -> 0.002931479 | H60: =250*(H5-F5) -> 4750 | I60: =H60/H$115 -> 0.0022491747 | J60: =250*(J5-H5) -> 0 | K60: =J60/J$115 -> 0 | L60: =250*(L5-J5) -> 0 | M60: =L60/L$115 -> 0 | N60: Yi pushed to Y1. Starting with unit cost at $250/Chormbook. Y2-5: Included additional students and replacement cost
A61: Software | B61: =15000 -> 15000 | C61: =B61/B$115 -> 0.053267045 | E61: =D61/D$115 -> 0 | F61: =B61*1.02 -> 15300 | G61: =F61/F$115 -> 0.0083444891 | H61: =F61*1.02 -> 15606 | I61: =H61/H$115 -> 0.0073896042 | J61: =H61*1.02 -> 15918.12 | K61: =J61/J$115 -> 0.0073575586 | L61: =J61*1.02 -> 16236.482 | M61: =L61/L$115 -> 0.0072898923 | N61: Dreambox, Math and infinite campus actual at 50% Each year included 2% increase
A62: Field Trips | C62: =B62/B$115 -> 0 | E62: =D62/D$115 -> 0 | G62: =F62/F$115 -> 0 | I62: =H62/H$115 -> 0 | K62: =J62/J$115 -> 0 | M62: =L62/L$115 -> 0 | N62: Program should be self sufficent
A63: Instructional Equipment | B63: =80000/2 -> 40000 | C63: =B63/B$115 -> 0.14204545 | D63: 5000 | E63: =D63/D$115 -> 0.0032837194 | F63: 10000 | G63: =F63/F$115 -> 0.0054539144 | H63: =3000-250 -> 2750 | I63: =H63/H$115 -> 0.0013021538 | J63: =3000-250 -> 2750 | K63: =J63/J$115 -> 0.0012710852 | L63: =3000*5-250*5 -> 13750 | M63: =L63/L$115 -> 0.0061735059 | N63: Y1 8 classroom whiteboard $10K/unit. Y2 1 classrrom, Y3 2 adadition. Y4 Replacement cost
A64: Library and Media Center | C64: =B64/B$115 -> 0 | D64: 500 | E64: =D64/D$115 -> 0.00032837194 | F64: =D64*1.02 -> 510 | G64: =F64/F$115 -> 0.00027814964 | H64: =12*'[1]Enrollment & Payroll Summary'!O8 -> 2208 | I64: =H64/H$115 -> 0.0010455111 | J64: =12*'[1]Enrollment & Payroll Summary'!O9 -> 2508 | K64: =J64/J$115 -> 0.0011592297 | L64: =12*'[1]Enrollment & Payroll Summary'!O10 -> 3852 | M64: =L64/L$115 -> 0.0017294796 | N64: Each year included 2% increase
A65: Student Assessment | C65: =B65/B$115 -> 0 | D65: 500 | E65: =D65/D$115 -> 0.00032837194 | F65: =D65*1.02 -> 510 | G65: =F65/F$115 -> 0.00027814964 | H65: =146*'[1]Enrollment & Payroll Summary'!O8 -> 26864 | I65: =H65/H$115 -> 0.012720385 | J65: =146*'[1]Enrollment & Payroll Summary'!O9 -> 30514 | K65: =J65/J$115 -> 0.014103961 | L65: =146*'[1]Enrollment & Payroll Summary'!O10 -> 46866 | M65: =L65/L$115 -> 0.021042002 | N65: Assume utilitized county resources for services. Conservative measure to included some cost plus each year 2% increase
A66: Classroom Furniture | B66: 15000 | C66: =B66/B$115 -> 0.053267045 | D66: 15000 | E66: =D66/D$115 -> 0.0098511582 | F66: 2500 | G66: =F66/F$115 -> 0.0013634786 | H66: 3500 | I66: =H66/H$115 -> 0.0016572866 | J66: 3500 | K66: =J66/J$115 -> 0.0016177447 | L66: =3500*5 -> 17500 | M66: =L66/L$115 -> 0.0078571893 | N66: Currently recived donation for used furnitures purchases and excessive furnitures. Y5 replacement cost
A67: PE Equipment | C67: =B67/B$115 -> 0 | D67: 2500 | E67: =D67/D$115 -> 0.0016418597 | F67: =D67*1.02 -> 2550 | G67: =F67/F$115 -> 0.0013907482 | H67: =F67*1.02 -> 2601 | I67: =H67/H$115 -> 0.0012316007 | J67: =H67*1.02 -> 2653.02 | K67: =J67/J$115 -> 0.0012262598 | L67: 3000 | M67: =L67/L$115 -> 0.0013469467 | N67: Each year included 2% increase
A68: Art Supplies | C68: =B68/B$115 -> 0 | D68: 1500 | E68: =D68/D$115 -> 0.00098511582 | F68: =D68*1.02 -> 1530 | G68: =F68/F$115 -> 0.00083444891 | H68: 500 | I68: =H68/H$115 -> 0.00023675523 | J68: 500 | K68: =J68/J$115 -> 0.00023110639 | L68: 500 | M68: =L68/L$115 -> 0.00022449112 | N68: Each year included 2% increase
C69: =B69/B$115 -> 0 | E69: =D69/D$115 -> 0 | G69: =F69/F$115 -> 0 | I69: =H69/H$115 -> 0 | K69: =J69/J$115 -> 0 | M69: =L69/L$115 -> 0
C70: =B70/B$115 -> 0 | E70: =D70/D$115 -> 0 | G70: =F70/F$115 -> 0 | I70: =H70/H$115 -> 0 | K70: =J70/J$115 -> 0 | L70: =J70*1.02 -> 0 | M70: =L70/L$115 -> 0
A71: Total Instruction | B71: =SUM(B58:B70) -> 102500 | C71: =B71/B$115 -> 0.36399148 | D71: =SUM(D58:D70) -> 38250 | E71: =D71/D$115 -> 0.025120453 | F71: =SUM(F58:F70) -> 53137.5 | G71: =F71/F$115 -> 0.028980738 | H71: =SUM(H58:H70) -> 75066.5 | I71: =H71/H$115 -> 0.035544773 | J71: =SUM(J58:J70) -> 74730.64 | K71: =J71/J$115 -> 0.034541457 | L71: =SUM(L58:L70) -> 118193.98 | M71: =L71/L$115 -> 0.053067
A73: SERVICES & SUPPLIES
A74: Student Uniforms | C74: =B74/B$115 -> 0 | E74: =D74/D$115 -> 0 | G74: =F74/F$115 -> 0 | I74: =H74/H$115 -> 0 | K74: =J74/J$115 -> 0 | M74: =L74/L$115 -> 0 | N74: School does not implement uniform
A75: Athletic Program | C75: =B75/B$115 -> 0 | E75: =D75/D$115 -> 0 | G75: =F75/F$115 -> 0 | I75: =H75/H$115 -> 0 | K75: =J75/J$115 -> 0 | M75: =L75/L$115 -> 0 | N75: This program should be self sufficent
A76: Office Supplies | B76: 2500 | C76: =B76/B$115 -> 0.0088778409 | D76: 500 | E76: =D76/D$115 -> 0.00032837194 | F76: =D76*1.02 -> 510 | G76: =F76/F$115 -> 0.00027814964 | H76: =F76*1.02 -> 520.2 | I76: =H76/H$115 -> 0.00024632014 | J76: =H76*1.02 -> 530.604 | K76: =J76/J$115 -> 0.00024525195 | L76: =J76*1.02 -> 541.21608 | M76: =L76/L$115 -> 0.00024299641 | N76: Y1 start up cost pushed to Y0. Each year included 2% increase
A77: Office Furniture | B77: 2500 | C77: =B77/B$115 -> 0.0088778409 | D77: 500 | E77: =D77/D$115 -> 0.00032837194 | F77: 500 | G77: =F77/F$115 -> 0.00027269572 | H77: 2500 | I77: =H77/H$115 -> 0.0011837761 | J77: 500 | K77: =J77/J$115 -> 0.00023110639 | L77: 500 | M77: =L77/L$115 -> 0.00022449112 | N77: Y1 start up cost pushed to Y0, Y3 additional staffs
A78: Office Computers & Software | B78: =600*D7 -> 8100 | C78: =B78/B$115 -> 0.028764205 | E78: =D78/D$115 -> 0 | F78: 6000 | G78: =F78/F$115 -> 0.0032723487 | H78: =600*4+600 -> 3000 | I78: =H78/H$115 -> 0.0014205314 | J78: =600*1+600 -> 1200 | K78: =J78/J$115 -> 0.00055465534 | L78: =600*1+600 -> 1200 | M78: =L78/L$115 -> 0.0005387787 | N78: Unit cost at $600. Each year add additional staff computer only plus $600 replacement cost
A79: Printing and Copy Services | C79: =B79/B$115 -> 0 | E79: =D79/D$115 -> 0 | F79: =D79*1.02 -> 0 | G79: =F79/F$115 -> 0 | I79: =H79/H$115 -> 0 | K79: =J79/J$115 -> 0 | M79: =L79/L$115 -> 0
A80: Postage and Shipping | C80: =B80/B$115 -> 0 | D80: 500 | E80: =D80/D$115 -> 0.00032837194 | F80: =D80*1.02 -> 510 | G80: =F80/F$115 -> 0.00027814964 | H80: =F80*1.02 -> 520.2 | I80: =H80/H$115 -> 0.00024632014 | J80: =H80*1.02 -> 530.604 | K80: =J80/J$115 -> 0.00024525195 | L80: =J80*1.02 -> 541.21608 | M80: =L80/L$115 -> 0.00024299641 | N80: Each year included 2% increase
A81: Bookkeeping | C81: =B81/B$115 -> 0 | D81: 45000 | E81: =D81/D$115 -> 0.029553475 | F81: =D81*1.02 -> 45900 | G81: =F81/F$115 -> 0.025033467 | H81: =F81*1.02 -> 46818 | I81: =H81/H$115 -> 0.022168813 | J81: =H81*1.02 -> 47754.36 | K81: =J81/J$115 -> 0.022072676 | L81: =J81*1.02 -> 48709.447 | M81: =L81/L$115 -> 0.021869677 | N81: Based on Tapestry actual annually. Each year included 2% increases
A82: Audit | C82: =B82/B$115 -> 0 | D82: 8000 | E82: =D82/D$115 -> 0.0052539511 | F82: 9000 | G82: =F82/F$115 -> 0.004908523 | H82: =F82*1.02 -> 9180 | I82: =H82/H$115 -> 0.004346826 | J82: =H82*1.02 -> 9363.6 | K82: =J82/J$115 -> 0.0043279756 | L82: =J82*1.02 -> 9550.872 | M82: =L82/L$115 -> 0.004288172 | N82: Each year included 2% increase
A83: Payroll Services | C83: =B83/B$115 -> 0 | D83: =200*12 -> 2400 | E83: =D83/D$115 -> 0.0015761853 | F83: =238 -> 238 | G83: =F83/F$115 -> 0.00012980316 | H83: =F83*1.02 -> 242.76 | I83: =H83/H$115 -> 0.0001149494 | J83: =H83*1.02 -> 247.6152 | K83: =J83/J$115 -> 0.00011445091 | L83: =J83*1.02 -> 252.5675 | M83: =L83/L$115 -> 0.00011339833 | N83: Each year included 2% increase, monthly average $250
A84: Banking Fees | C84: =B84/B$115 -> 0 | D84: =15*12 -> 180 | E84: =D84/D$115 -> 0.0001182139 | F84: =D84*1.02 -> 183.6 | G84: =F84/F$115 -> 0.00010013387 | H84: =F84*1.02 -> 187.272 | I84: =H84/H$115 -> 8.8675251e-05 | J84: =H84*1.02 -> 191.01744 | K84: =J84/J$115 -> 8.8290703e-05 | L84: =J84*1.02 -> 194.83779 | M84: =L84/L$115 -> 8.7478708e-05 | N84: Monthly average $10 per month. Each year included 2% increase
A85: Legal Services | B85: 2500 | C85: =B85/B$115 -> 0.0088778409 | D85: 2000 | E85: =D85/D$115 -> 0.0013134878 | F85: =D85 -> 2000 | G85: =F85/F$115 -> 0.0010907829 | H85: 2000 | I85: =H85/H$115 -> 0.00094702092 | J85: 2000 | K85: =J85/J$115 -> 0.00092442557 | L85: 2000 | M85: =L85/L$115 -> 0.00089796449 | N85: Shared cost between two schools
A86: Liability & Property Insurance | B86: 10000 | C86: =B86/B$115 -> 0.035511364 | D86: 10000 | E86: =D86/D$115 -> 0.0065674388 | F86: =D86*1.02 -> 10200 | G86: =F86/F$115 -> 0.0055629927 | H86: =F86*1.02 -> 10404 | I86: =H86/H$115 -> 0.0049264028 | J86: =H86*1.02 -> 10612.08 | K86: =J86/J$115 -> 0.0049050391 | L86: =J86*1.02 -> 10824.322 | M86: =L86/L$115 -> 0.0048599282 | N86: Each year included 2% increase
A87: Staff Development | B87: 2500 | C87: =B87/B$115 -> 0.0088778409 | D87: 2500 | E87: =D87/D$115 -> 0.0016418597 | F87: 68000 | G87: =F87/F$115 -> 0.037086618 | H87: =F87*1.02 -> 69360 | I87: =H87/H$115 -> 0.032842685 | J87: =H87*1.02 -> 70747.2 | K87: =J87/J$115 -> 0.03270026 | L87: =J87*1.02 -> 72162.144 | M87: =L87/L$115 -> 0.032399521 | N87: Professional training. Each year included 2% increase. Y1 all new teachers. Y1 pushed to Y0
A88: Special Education | C88: =B88/B$115 -> 0 | E88: =D88/D$115 -> 0 | F88: =D88*1.02 -> 0 | G88: =F88/F$115 -> 0 | I88: =H88/H$115 -> 0 | K88: =J88/J$115 -> 0 | M88: =L88/L$115 -> 0 | N88: Included in the salary
A89: Health Services | C89: =B89/B$115 -> 0 | D89: 3000 | E89: =D89/D$115 -> 0.0019702316 | F89: =D89*1.02 -> 3060 | G89: =F89/F$115 -> 0.0016688978 | H89: =F89*1.02 -> 3121.2 | I89: =H89/H$115 -> 0.0014779208 | J89: =H89*1.02 -> 3183.624 | K89: =J89/J$115 -> 0.0014715117 | L89: =J89*1.02 -> 3247.2965 | M89: =L89/L$115 -> 0.0014579785 | N89: Each year included 2% increase
A90: Staff Recruitment | B90: 500 | C90: =B90/B$115 -> 0.0017755682 | E90: =D90/D$115 -> 0 | F90: 500 | G90: =F90/F$115 -> 0.00027269572 | H90: =F90*1.02 -> 510 | I90: =H90/H$115 -> 0.00024149033 | J90: =H90*1.02 -> 520.2 | K90: =J90/J$115 -> 0.00024044309 | L90: =J90*1.02 -> 530.604 | M90: =L90/L$115 -> 0.00023823178 | N90: Y0 &1 more cost. Y3 staffing steable, included background and finger printing
A91: Student Recruitment | B91: 500 | C91: =B91/B$115 -> 0.0017755682 | D91: 500 | E91: =D91/D$115 -> 0.00032837194 | F91: =D91*1.02 -> 510 | G91: =F91/F$115 -> 0.00027814964 | H91: =F91*1.02 -> 520.2 | I91: =H91/H$115 -> 0.00024632014 | J91: =H91*1.02 -> 530.604 | K91: =J91/J$115 -> 0.00024525195 | L91: =J91*1.02 -> 541.21608 | M91: =L91/L$115 -> 0.00024299641 | N91: Y1 cost pushed to Y0 to start the recuritment prior to open. Each year included 2% increase
A92: Tech Support | C92: =B92/B$115 -> 0 | E92: =D92/D$115 -> 0 | F92: =D92*1.02 -> 0 | G92: =F92/F$115 -> 0 | I92: =H92/H$115 -> 0 | K92: =J92/J$115 -> 0 | M92: =L92/L$115 -> 0 | N92: Included in the salary
A93: Phone/Internet Service | C93: =B93/B$115 -> 0 | D93: =400*12 -> 4800 | E93: =D93/D$115 -> 0.0031523706 | F93: =D93*1.02 -> 4896 | G93: =F93/F$115 -> 0.0026702365 | H93: =F93*1.02 -> 4993.92 | I93: =H93/H$115 -> 0.0023646734 | J93: =H93*1.02 -> 5093.7984 | K93: =J93/J$115 -> 0.0023544187 | L93: =J93*1.02 -> 5195.6744 | M93: =L93/L$115 -> 0.0023327655 | N93: Based on Tapestry actual annually at 50%. Each year included 2% increases
A94: Food Service | C94: =B94/B$115 -> 0 | D94: =2.75*D5*190*0.8 -> 45980 | E94: =D94/D$115 -> 0.030197084 | F94: =2.75*F5*190*0.8 -> 54967 | G94: =F94/F$115 -> 0.029978532 | H94: =2.75*H5*190*0.8 -> 62909 | I94: =H94/H$115 -> 0.02978807 | J94: =2.75*J5*190*0.8 -> 62909 | K94: =J94/J$115 -> 0.029077344 | L94: =2.75*L5*190*0.8 -> 62909 | M94: =L94/L$115 -> 0.028245024 | N94: 2.75/meal*student*190days*80% participation rate
A95: Transportation | C95: =B95/B$115 -> 0 | E95: =D95/D$115 -> 0 | G95: =F95/F$115 -> 0 | I95: =H95/H$115 -> 0 | K95: =J95/J$115 -> 0 | M95: =L95/L$115 -> 0 | N95: School does not offer transporation
A96: Health Supplies | C96: =B96/B$115 -> 0 | D96: 2500 | E96: =D96/D$115 -> 0.0016418597 | F96: =D96*1.02 -> 2550 | G96: =F96/F$115 -> 0.0013907482 | H96: =F96*1.02 -> 2601 | I96: =H96/H$115 -> 0.0012316007 | J96: =H96*1.02 -> 2653.02 | K96: =J96/J$115 -> 0.0012262598 | L96: =J96*1.02 -> 2706.0804 | M96: =L96/L$115 -> 0.0012149821 | N96: Each year included 2% increase
A97: Pest Control | C97: =B97/B$115 -> 0 | D97: 1500 | E97: =D97/D$115 -> 0.00098511582 | F97: =D97*1.02 -> 1530 | G97: =F97/F$115 -> 0.00083444891 | H97: =F97*1.02 -> 1560.6 | I97: =H97/H$115 -> 0.00073896042 | J97: =H97*1.02 -> 1591.812 | K97: =J97/J$115 -> 0.00073575586 | L97: =J97*1.02 -> 1623.6482 | M97: =L97/L$115 -> 0.00072898923 | N97: Based on Tapestry actual annually. Each year included 2% increases
A98: Janitorial Supplies & Services | C98: =B98/B$115 -> 0 | D98: =2500*12 -> 30000 | E98: =D98/D$115 -> 0.019702316 | F98: =D98*1.02 -> 30600 | G98: =F98/F$115 -> 0.016688978 | H98: =F98*1.02 -> 31212 | I98: =H98/H$115 -> 0.014779208 | J98: =H98*1.02 -> 31836.24 | K98: =J98/J$115 -> 0.014715117 | L98: =J98*1.02 -> 32472.965 | M98: =L98/L$115 -> 0.014579785 | N98: Based on Tapestry actual annually at 50%. Each year included 2% increases
A99: Waste Disposal | C99: =B99/B$115 -> 0 | D99: =85*12 -> 1020 | E99: =D99/D$115 -> 0.00066987876 | F99: =D99*1.02 -> 1040.4 | G99: =F99/F$115 -> 0.00056742526 | H99: =F99*1.02 -> 1061.208 | I99: =H99/H$115 -> 0.00050249309 | J99: =H99*1.02 -> 1082.4322 | K99: =J99/J$115 -> 0.00050031398 | L99: =J99*1.02 -> 1104.0808 | M99: =L99/L$115 -> 0.00049571268 | N99: Based on Tapestry actual annualy at 50%. Each year included 2% increases
A100: Marketing | C100: =B100/B$115 -> 0 | D100: 5000 | E100: =D100/D$115 -> 0.0032837194 | F100: =D100*1.02 -> 5100 | G100: =F100/F$115 -> 0.0027814964 | H100: =F100*1.02 -> 5202 | I100: =H100/H$115 -> 0.0024632014 | J100: =H100*1.02 -> 5306.04 | K100: =J100/J$115 -> 0.0024525195 | L100: =J100*1.02 -> 5412.1608 | M100: =L100/L$115 -> 0.0024299641 | N100: Each year included 2% increase. Y1 pushed to Y0
A101: Travel | C101: =B101/B$115 -> 0 | D101: 1500 | E101: =D101/D$115 -> 0.00098511582 | F101: =D101*1.02 -> 1530 | G101: =F101/F$115 -> 0.00083444891 | H101: =F101*1.02 -> 1560.6 | I101: =H101/H$115 -> 0.00073896042 | J101: =H101*1.02 -> 1591.812 | K101: =J101/J$115 -> 0.00073575586 | L101: =J101*1.02 -> 1623.6482 | M101: =L101/L$115 -> 0.00072898923 | N101: Based on Tapestry actual annually. Each year included 2% increases
C102: =B102/B$115 -> 0 | E102: =D102/D$115 -> 0 | G102: =F102/F$115 -> 0 | I102: =H102/H$115 -> 0 | K102: =J102/J$115 -> 0 | M102: =L102/L$115 -> 0
A103: Total Services & Supplies | B103: =SUM(B74:B102) -> 29100 | C103: =B103/B$115 -> 0.10333807 | D103: =SUM(D74:D102) -> 167380 | E103: =D103/D$115 -> 0.10992579 | F103: =SUM(F74:F102) -> 249325 | G103: =F103/F$115 -> 0.13597972 | H103: =SUM(H74:H102) -> 259984.16 | I103: =H103/H$115 -> 0.12310522 | J103: =SUM(J74:J102) -> 259975.66 | K103: =J103/J$115 -> 0.12016408 | L103: =SUM(L74:L102) -> 263843 | M103: =L103/L$115 -> 0.11846082
A105: FACILITIES
...

Sheet Cash Flow Proj Yr0
A1: CASH FLOW PROJECTIONS-YEAR 0/Planning Year
A2: ='5yr Budget Projection'!A2 -> School Name: Tapestry Public Charter School Clayton | B2: July | C2: Aug | D2: Sept | E2: Oct | F2: Nov | G2: Dec | H2: Jan | I2: Feb | J2: March | K2: April | L2: May | M2: June | N2: Total
A3: (A) BEGINNING CASH | B3: ='5yr Budget Projection'!B123 -> 0 | C3: =B105 -> 20283.33 | D3: =C105 -> 40566.66 | E3: =D105 -> 60849.99 | F3: =E105 -> 81133.32 | G3: =F105 -> 101416.65 | H3: =G105 -> 121699.98 | I3: =H105 -> 141983.31 | J3: =I105 -> 162266.64 | ... M3: =L105 -> 223116.63
A4: Cash Receipts:
A5: Per Pupil Revenue (local and state share), net LEA Admin fee | B5: =$N$5/12 -> 0 | C5: =$N$5/12 -> 0 | D5: =$N$5/12 -> 0 | E5: =$N$5/12 -> 0 | F5: =$N$5/12 -> 0 | G5: =$N$5/12 -> 0 | H5: =$N$5/12 -> 0 | I5: =$N$5/12 -> 0 | ... M5: =$N$5/12 -> 0 | N5: ='5yr Budget Projection'!B20+'5yr Budget Projection'!B21 -> 0
A6: Donation | B6: ='5yr Budget Projection'!B23/12 -> 0 | C6: =B6 -> 0 | D6: =C6 -> 0 | E6: =D6 -> 0 | F6: =E6 -> 0 | G6: =F6 -> 0 | H6: =G6 -> 0 | I6: =H6 -> 0 | J6: =I6 -> 0 | ... M6: =L6 -> 0 | N6: =SUM(B6:M6) -> 0
A7: Grants | B7: ='5yr Budget Projection'!B24/12 -> 18750 | C7: =B7 -> 18750 | D7: =C7 -> 18750 | E7: =D7 -> 18750 | F7: =E7 -> 18750 | G7: =F7 -> 18750 | H7: =G7 -> 18750 | I7: =H7 -> 18750 | J7: =I7 -> 18750 | ... M7: =L7 -> 18750 | N7: =SUM(B7:M7) -> 225000
A8: Meals | N8: =SUM(B8:M8) -> 0
A9: Foundation | B9: ='5yr Budget Projection'!B25/12 -> 25000 | C9: =B9 -> 25000 | D9: =C9 -> 25000 | E9: =D9 -> 25000 | F9: =E9 -> 25000 | G9: =F9 -> 25000 | H9: =G9 -> 25000 | I9: =H9 -> 25000 | J9: =I9 -> 25000 | ... M9: =L9 -> 25000 | N9: =SUM(B9:M9) -> 300000
N10: =SUM(B10:M10) -> 0
N11: =SUM(B11:M11) -> 0
N12: =SUM(B12:M12) -> 0
N13: =SUM(B13:M13) -> 0
N14: =SUM(B14:M14) -> 0
N15: =SUM(B15:M15) -> 0
A16: (B) Total Receipts | B16: =ROUND(SUM(B5:B15),2) -> 43750 | C16: =ROUND(SUM(C5:C15),2) -> 43750 | D16: =ROUND(SUM(D5:D15),2) -> 43750 | E16: =ROUND(SUM(E5:E15),2) -> 43750 | F16: =ROUND(SUM(F5:F15),2) -> 43750 | G16: =ROUND(SUM(G5:G15),2) -> 43750 | H16: =ROUND(SUM(H5:H15),2) -> 43750 | I16: =ROUND(SUM(I5:I15),2) -> 43750 | ... M16: =ROUND(SUM(M5:M15),2) -> 43750 | N16: =SUM(N5:N15) -> 525000
A18: Cash Disbursements:
A19: PERSONNEL
A20: Principal | B20: ='5yr Budget Projection'!B36/12 -> 0 | C20: =$N20/12 -> 0 | D20: =$N20/12 -> 0 | E20: =$N20/12 -> 0 | F20: =$N20/12 -> 0 | G20: =$N20/12 -> 0 | H20: =$N20/12 -> 0 | I20: =$N20/12 -> 0 | J20: =$N20/12 -> 0 | ... M20: =$N20/12 -> 0 | N20: ='5yr Budget Projection'!B36 -> 0
A21: Social Services (Social Worker/Counselor/Nurse) | B21: ='5yr Budget Projection'!B37/12 -> 0 | C21: =$N21/12 -> 0 | D21: =$N21/12 -> 0 | E21: =$N21/12 -> 0 | F21: =$N21/12 -> 0 | G21: =$N21/12 -> 0 | H21: =$N21/12 -> 0 | I21: =$N21/12 -> 0 | J21: =$N21/12 -> 0 | ... M21: =$N21/12 -> 0 | N21: ='5yr Budget Projection'!B37 -> 0
A22: Technology Support | B22: ='5yr Budget Projection'!B38/12 -> 0 | C22: =$N22/12 -> 0 | D22: =$N22/12 -> 0 | E22: =$N22/12 -> 0 | F22: =$N22/12 -> 0 | G22: =$N22/12 -> 0 | H22: =$N22/12 -> 0 | I22: =$N22/12 -> 0 | J22: =$N22/12 -> 0 | ... M22: =$N22/12 -> 0 | N22: ='5yr Budget Projection'!B38 -> 0
A23: Teachers | B23: ='5yr Budget Projection'!B39/12 -> 0 | C23: =$N23/12 -> 0 | D23: =$N23/12 -> 0 | E23: =$N23/12 -> 0 | F23: =$N23/12 -> 0 | G23: =$N23/12 -> 0 | H23: =$N23/12 -> 0 | I23: =$N23/12 -> 0 | J23: =$N23/12 -> 0 | ... M23: =$N23/12 -> 0 | N23: ='5yr Budget Projection'!B39 -> 0
A24: Arts/PE/Comp Sci | B24: ='5yr Budget Projection'!B40/12 -> 0 | C24: =$N24/12 -> 0 | D24: =$N24/12 -> 0 | E24: =$N24/12 -> 0 | F24: =$N24/12 -> 0 | G24: =$N24/12 -> 0 | H24: =$N24/12 -> 0 | I24: =$N24/12 -> 0 | J24: =$N24/12 -> 0 | ... M24: =$N24/12 -> 0 | N24: ='5yr Budget Projection'!B40 -> 0
A25: Athletics/Extracurricular Coaches | B25: ='5yr Budget Projection'!B41/12 -> 0 | C25: =$N25/12 -> 0 | D25: =$N25/12 -> 0 | E25: =$N25/12 -> 0 | F25: =$N25/12 -> 0 | G25: =$N25/12 -> 0 | H25: =$N25/12 -> 0 | I25: =$N25/12 -> 0 | J25: =$N25/12 -> 0 | ... M25: =$N25/12 -> 0 | N25: ='5yr Budget Projection'!B41 -> 0
A26: Guidance Counselor | B26: ='5yr Budget Projection'!B42/12 -> 0 | C26: =$N26/12 -> 0 | D26: =$N26/12 -> 0 | E26: =$N26/12 -> 0 | F26: =$N26/12 -> 0 | G26: =$N26/12 -> 0 | H26: =$N26/12 -> 0 | I26: =$N26/12 -> 0 | J26: =$N26/12 -> 0 | ... M26: =$N26/12 -> 0 | N26: ='5yr Budget Projection'!B42 -> 0
A27: Special Education Teacher | B27: ='5yr Budget Projection'!B43/12 -> 0 | C27: =$N27/12 -> 0 | D27: =$N27/12 -> 0 | E27: =$N27/12 -> 0 | F27: =$N27/12 -> 0 | G27: =$N27/12 -> 0 | H27: =$N27/12 -> 0 | I27: =$N27/12 -> 0 | J27: =$N27/12 -> 0 | ... M27: =$N27/12 -> 0 | N27: ='5yr Budget Projection'!B43 -> 0
A28: Office Manager | B28: ='5yr Budget Projection'!B44/12 -> 0 | C28: =$N28/12 -> 0 | D28: =$N28/12 -> 0 | E28: =$N28/12 -> 0 | F28: =$N28/12 -> 0 | G28: =$N28/12 -> 0 | H28: =$N28/12 -> 0 | I28: =$N28/12 -> 0 | J28: =$N28/12 -> 0 | ... M28: =$N28/12 -> 0 | N28: ='5yr Budget Projection'!B44 -> 0
A29: Office Assistant | B29: ='5yr Budget Projection'!B45/12 -> 0 | C29: =$N29/12 -> 0 | D29: =$N29/12 -> 0 | E29: =$N29/12 -> 0 | F29: =$N29/12 -> 0 | G29: =$N29/12 -> 0 | H29: =$N29/12 -> 0 | I29: =$N29/12 -> 0 | J29: =$N29/12 -> 0 | ... M29: =$N29/12 -> 0 | N29: ='5yr Budget Projection'!B45 -> 0
A30: Business manager | B30: ='5yr Budget Projection'!B46/12 -> 0 | C30: =$N30/12 -> 0 | D30: =$N30/12 -> 0 | E30: =$N30/12 -> 0 | F30: =$N30/12 -> 0 | G30: =$N30/12 -> 0 | H30: =$N30/12 -> 0 | I30: =$N30/12 -> 0 | J30: =$N30/12 -> 0 | ... M30: =$N30/12 -> 0 | N30: ='5yr Budget Projection'!B46 -> 0
A31: Maintenance | B31: ='5yr Budget Projection'!B47/12 -> 0 | C31: =$N31/12 -> 0 | D31: =$N31/12 -> 0 | E31: =$N31/12 -> 0 | F31: =$N31/12 -> 0 | G31: =$N31/12 -> 0 | H31: =$N31/12 -> 0 | I31: =$N31/12 -> 0 | J31: =$N31/12 -> 0 | ... M31: =$N31/12 -> 0 | N31: ='5yr Budget Projection'!B47 -> 0
... A36: Other Payroll Expenses/Taxes | B36: ='5yr Budget Projection'!B52/12 -> 0 | C36: =$N36/12 -> 0 | D36: =$N36/12 -> 0 | E36: =$N36/12 -> 0 | F36: =$N36/12 -> 0 | G36: =$N36/12 -> 0 | H36: =$N36/12 -> 0 | I36: =$N36/12 -> 0 | J36: =$N36/12 -> 0 | ... M36: =$N36/12 -> 0 | N36: ='5yr Budget Projection'!B52 -> 0
A37: ='5yr Budget Projection'!A53 -> CEO & COO | B37: ='5yr Budget Projection'!B53/12 -> 0 | C37: 0 | D37: 0 | E37: 0 | F37: 0 | G37: 0 | H37: 0 | I37: 0 | J37: 0 | K37: 0 | L37: 0 | M37: 0 | N37: =SUM(B37:M37) -> 0
A38: ='5yr Budget Projection'!A54 -> Assistant Principle | B38: ='5yr Budget Projection'!B54/12 -> 0 | C38: 0 | D38: 0 | E38: 0 | F38: 0 | G38: 0 | H38: 0 | I38: 0 | J38: 0 | K38: 0 | L38: 0 | M38: 0 | N38: =SUM(B38:M38) -> 0
A39: Total Personnel | B39: =SUM(B20:B38) -> 0 | C39: =SUM(C20:C38) -> 0 | D39: =SUM(D20:D38) -> 0 | E39: =SUM(E20:E38) -> 0 | F39: =SUM(F20:F38) -> 0 | G39: =SUM(G20:G38) -> 0 | H39: =SUM(H20:H38) -> 0 | I39: =SUM(I20:I38) -> 0 | ... N39: =SUM(N20:N38) -> 0
A41: INSTRUCTION
A42: Textbooks | B42: ='5yr Budget Projection'!B58/12 -> 0 | C42: 0 | D42: 0 | E42: 0 | F42: 0 | G42: 0 | H42: 0 | I42: 0 | J42: 0 | K42: 0 | L42: 0 | M42: 0 | N42: =SUM(B42:M42) -> 0
A43: Classroom Supplies | B43: ='5yr Budget Projection'!B59/12 -> 416.66667 | C43: =B43 -> 416.66667 | D43: =B43 -> 416.66667 | E43: =B43 -> 416.66667 | F43: =B43 -> 416.66667 | G43: =B43 -> 416.66667 | H43: =B43 -> 416.66667 | I43: =B43 -> 416.66667 | J43: =B43 -> 416.66667 | K43: =B43 -> 416.66667 | L43: =B43 -> 416.66667 | M43: =B43 -> 416.66667 | N43: =SUM(B43:M43) -> 5000
A44: Computers | B44: ='5yr Budget Projection'!B60/12 -> 2291.6667 | C44: =B44 -> 2291.6667 | D44: =B44 -> 2291.6667 | E44: =B44 -> 2291.6667 | F44: =B44 -> 2291.6667 | G44: =B44 -> 2291.6667 | H44: =B44 -> 2291.6667 | I44: =B44 -> 2291.6667 | J44: =B44 -> 2291.6667 | K44: =B44 -> 2291.6667 | L44: =B44 -> 2291.6667 | M44: =B44 -> 2291.6667 | N44: =SUM(B44:M44) -> 27500
A45: Software | B45: ='5yr Budget Projection'!B61/12 -> 1250 | C45: =B45 -> 1250 | D45: =B45 -> 1250 | E45: =B45 -> 1250 | F45: =B45 -> 1250 | G45: =B45 -> 1250 | H45: =B45 -> 1250 | I45: =B45 -> 1250 | J45: =B45 -> 1250 | K45: =B45 -> 1250 | L45: =B45 -> 1250 | M45: =B45 -> 1250 | N45: =SUM(B45:M45) -> 15000
A46: Field Trips | B46: ='5yr Budget Projection'!B62/12 -> 0 | C46: =B46 -> 0 | D46: =B46 -> 0 | E46: =B46 -> 0 | F46: =B46 -> 0 | G46: =B46 -> 0 | H46: =B46 -> 0 | I46: =B46 -> 0 | J46: =B46 -> 0 | K46: =B46 -> 0 | L46: =B46 -> 0 | M46: =B46 -> 0 | N46: =SUM(B46:M46) -> 0
A47: Instructional Equipment | B47: ='5yr Budget Projection'!B63/12 -> 3333.3333 | C47: =B47 -> 3333.3333 | D47: =B47 -> 3333.3333 | E47: =B47 -> 3333.3333 | F47: =B47 -> 3333.3333 | G47: =B47 -> 3333.3333 | H47: =B47 -> 3333.3333 | I47: =B47 -> 3333.3333 | J47: =B47 -> 3333.3333 | K47: =B47 -> 3333.3333 | L47: =B47 -> 3333.3333 | M47: =B47 -> 3333.3333 | N47: =SUM(B47:M47) -> 40000
A48: Library and Media Center | B48: ='5yr Budget Projection'!B64/12 -> 0 | C48: =B48 -> 0 | D48: =B48 -> 0 | E48: =B48 -> 0 | F48: =B48 -> 0 | G48: =B48 -> 0 | H48: =B48 -> 0 | I48: =B48 -> 0 | J48: =B48 -> 0 | K48: =B48 -> 0 | L48: =B48 -> 0 | M48: =B48 -> 0 | N48: =SUM(B48:M48) -> 0
A49: Student Assessment | B49: ='5yr Budget Projection'!B65/12 -> 0 | C49: =B49 -> 0 | D49: =B49 -> 0 | E49: =B49 -> 0 | F49: =B49 -> 0 | G49: =B49 -> 0 | H49: =B49 -> 0 | I49: =B49 -> 0 | J49: =B49 -> 0 | K49: =B49 -> 0 | L49: =B49 -> 0 | M49: =B49 -> 0 | N49: =SUM(B49:M49) -> 0
A50: Classroom Furniture | B50: ='5yr Budget Projection'!B66/12 -> 1250 | C50: =B50 -> 1250 | D50: =B50 -> 1250 | E50: =B50 -> 1250 | F50: =B50 -> 1250 | G50: =B50 -> 1250 | H50: =B50 -> 1250 | I50: =B50 -> 1250 | J50: =B50 -> 1250 | K50: =B50 -> 1250 | L50: =B50 -> 1250 | M50: =B50 -> 1250 | N50: =SUM(B50:M50) -> 15000
A51: PE Equipment | B51: 0 | C51: =B51 -> 0 | D51: =B51 -> 0 | E51: =B51 -> 0 | F51: =B51 -> 0 | G51: =B51 -> 0 | H51: =B51 -> 0 | I51: =B51 -> 0 | J51: =B51 -> 0 | K51: =B51 -> 0 | L51: =B51 -> 0 | M51: =B51 -> 0 | N51: =SUM(B51:M51) -> 0
A52: Art Supplies | B52: 0 | C52: =B52 -> 0 | D52: =B52 -> 0 | E52: =B52 -> 0 | F52: =B52 -> 0 | G52: =B52 -> 0 | H52: =B52 -> 0 | I52: =B52 -> 0 | J52: =B52 -> 0 | K52: =B52 -> 0 | L52: =B52 -> 0 | M52: =B52 -> 0 | N52: =SUM(B52:M52) -> 0
B53: 0 | C53: =B53 -> 0 | D53: =B53 -> 0 | E53: =B53 -> 0 | F53: =B53 -> 0 | G53: =B53 -> 0 | H53: =B53 -> 0 | I53: =B53 -> 0 | J53: =B53 -> 0 | K53: =B53 -> 0 | L53: =B53 -> 0 | M53: =B53 -> 0 | N53: =SUM(B53:M53) -> 0
B54: 0 | C54: =B54 -> 0 | D54: =B54 -> 0 | E54: =B54 -> 0 | F54: =B54 -> 0 | G54: =B54 -> 0 | H54: =B54 -> 0 | I54: =B54 -> 0 | J54: =B54 -> 0 | K54: =B54 -> 0 | L54: =B54 -> 0 | M54: =B54 -> 0 | N54: =SUM(B54:M54) -> 0
A55: Total Instruction | B55: =SUM(B42:B54) -> 8541.6667 | C55: =SUM(C42:C54) -> 8541.6667 | D55: =SUM(D42:D54) -> 8541.6667 | E55: =SUM(E42:E54) -> 8541.6667 | F55: =SUM(F42:F54) -> 8541.6667 | G55: =SUM(G42:G54) -> 8541.6667 | H55: =SUM(H42:H54) -> 8541.6667 | I55: =SUM(I42:I54) -> 8541.6667 | ... N55: =SUM(N42:N54) -> 102500
A57: SERVICES & SUPPLIES
A58: Student Uniforms | B58: 0 | C58: 0 | D58: 0 | E58: 0 | F58: 0 | G58: 0 | H58: 0 | I58: 0 | J58: 0 | K58: 0 | L58: 0 | M58: 0 | N58: =SUM(B58:M58) -> 0
A59: Athletic Program | B59: 0 | C59: 0 | D59: 0 | E59: 0 | F59: 0 | G59: 0 | H59: 0 | I59: 0 | J59: 0 | K59: 0 | L59: 0 | M59: 0 | N59: =SUM(B59:M59) -> 0
A60: Office Supplies | B60: ='5yr Budget Projection'!B76/12 -> 208.33333 | C60: =B60 -> 208.33333 | D60: =B60 -> 208.33333 | E60: =B60 -> 208.33333 | F60: =B60 -> 208.33333 | G60: =B60 -> 208.33333 | H60: =B60 -> 208.33333 | I60: =B60 -> 208.33333 | J60: =B60 -> 208.33333 | K60: =B60 -> 208.33333 | L60: =B60 -> 208.33333 | M60: =B60 -> 208.33333 | N60: =SUM(B60:M60) -> 2500
A61: Office Furniture | B61: ='5yr Budget Projection'!B77/12 -> 208.33333 | C61: =B61 -> 208.33333 | D61: =B61 -> 208.33333 | E61: =B61 -> 208.33333 | F61: =B61 -> 208.33333 | G61: =B61 -> 208.33333 | H61: =B61 -> 208.33333 | I61: =B61 -> 208.33333 | J61: =B61 -> 208.33333 | K61: =B61 -> 208.33333 | L61: =B61 -> 208.33333 | M61: =B61 -> 208.33333 | N61: =SUM(B61:M61) -> 2500
A62: Office Computers & Software | B62: ='5yr Budget Projection'!B78/12 -> 675 | C62: =B62 -> 675 | D62: =B62 -> 675 | E62: =B62 -> 675 | F62: =B62 -> 675 | G62: =B62 -> 675 | H62: =B62 -> 675 | I62: =B62 -> 675 | J62: =B62 -> 675 | K62: =B62 -> 675 | L62: =B62 -> 675 | M62: =B62 -> 675 | N62: =SUM(B62:M62) -> 8100
A63: Printing and Copy Services | B63: 0 | C63: 0 | D63: 0 | E63: 0 | F63: 0 | G63: 0 | H63: 0 | I63: 0 | J63: 0 | K63: 0 | L63: 0 | M63: 0 | N63: =SUM(B63:M63) -> 0
A64: Postage and Shipping | B64: 0 | C64: 0 | D64: 0 | E64: 0 | F64: 0 | G64: 0 | H64: 0 | I64: 0 | J64: 0 | K64: 0 | L64: 0 | M64: 0 | N64: =SUM(B64:M64) -> 0
A65: Bookkeeping | B65: 0 | C65: 0 | D65: 0 | E65: 0 | F65: 0 | G65: 0 | H65: 0 | I65: 0 | J65: 0 | K65: 0 | L65: 0 | M65: 0 | N65: =SUM(B65:M65) -> 0
A66: Audit | B66: 0 | C66: 0 | D66: 0 | E66: 0 | F66: 0 | G66: 0 | H66: 0 | I66: 0 | J66: 0 | K66: 0 | L66: 0 | M66: 0 | N66: =SUM(B66:M66) -> 0
A67: Payroll Services | B67: 0 | C67: 0 | D67: 0 | E67: 0 | F67: 0 | G67: 0 | H67: 0 | I67: 0 | J67: 0 | K67: 0 | L67: 0 | M67: 0 | N67: =SUM(B67:M67) -> 0
A68: Banking Fees | B68: 0 | C68: 0 | D68: 0 | E68: 0 | F68: 0 | G68: 0 | H68: 0 | I68: 0 | J68: 0 | K68: 0 | L68: 0 | M68: 0 | N68: =SUM(B68:M68) -> 0
A69: Legal Services | B69: ='5yr Budget Projection'!B85/12 -> 208.33333 | C69: =B69 -> 208.33333 | D69: =B69 -> 208.33333 | E69: =B69 -> 208.33333 | F69: =B69 -> 208.33333 | G69: =B69 -> 208.33333 | H69: =B69 -> 208.33333 | I69: =B69 -> 208.33333 | J69: =B69 -> 208.33333 | K69: =B69 -> 208.33333 | L69: =B69 -> 208.33333 | M69: =B69 -> 208.33333 | N69: =SUM(B69:M69) -> 2500
A70: Liability & Property Insurance | B70: ='5yr Budget Projection'!B86/12 -> 833.33333 | C70: =B70 -> 833.33333 | D70: =C70 -> 833.33333 | E70: =D70 -> 833.33333 | F70: =E70 -> 833.33333 | G70: =F70 -> 833.33333 | H70: =G70 -> 833.33333 | I70: =H70 -> 833.33333 | J70: =I70 -> 833.33333 | ... M70: =L70 -> 833.33333 | N70: =SUM(B70:M70) -> 10000
A71: Staff Development | B71: ='5yr Budget Projection'!B87/12 -> 208.33333 | C71: =B71 -> 208.33333 | D71: =B71 -> 208.33333 | E71: =B71 -> 208.33333 | F71: =B71 -> 208.33333 | G71: =B71 -> 208.33333 | H71: =B71 -> 208.33333 | I71: =B71 -> 208.33333 | J71: =B71 -> 208.33333 | K71: =B71 -> 208.33333 | L71: =B71 -> 208.33333 | M71: =B71 -> 208.33333 | N71: =SUM(B71:M71) -> 2500
A72: Special Education | B72: 0 | C72: 0 | D72: 0 | E72: 0 | F72: 0 | G72: 0 | H72: 0 | I72: 0 | J72: 0 | K72: 0 | L72: 0 | M72: 0 | N72: =SUM(B72:M72) -> 0
A73: Health Services | B73: 0 | C73: 0 | D73: 0 | E73: 0 | F73: 0 | G73: 0 | H73: 0 | I73: 0 | J73: 0 | K73: 0 | L73: 0 | M73: 0 | N73: =SUM(B73:M73) -> 0
A74: Staff Recruitment | B74: ='5yr Budget Projection'!B90/12 -> 41.666667 | C74: =B74 -> 41.666667 | D74: =B74 -> 41.666667 | E74: =B74 -> 41.666667 | F74: =B74 -> 41.666667 | G74: =B74 -> 41.666667 | H74: =B74 -> 41.666667 | I74: =B74 -> 41.666667 | J74: =B74 -> 41.666667 | K74: =B74 -> 41.666667 | L74: =B74 -> 41.666667 | M74: =B74 -> 41.666667 | N74: =SUM(B74:M74) -> 500
A75: Student Recruitment | B75: ='5yr Budget Projection'!B91/12 -> 41.666667 | C75: =B75 -> 41.666667 | D75: =B75 -> 41.666667 | E75: =B75 -> 41.666667 | F75: =B75 -> 41.666667 | G75: =B75 -> 41.666667 | H75: =B75 -> 41.666667 | I75: =B75 -> 41.666667 | J75: =B75 -> 41.666667 | K75: =B75 -> 41.666667 | L75: =B75 -> 41.666667 | M75: =B75 -> 41.666667 | N75: =SUM(B75:M75) -> 500
A76: Tech Support | B76: 0 | C76: 0 | D76: 0 | E76: 0 | F76: 0 | G76: 0 | H76: 0 | I76: 0 | J76: 0 | K76: 0 | L76: 0 | M76: 0 | N76: =SUM(B76:M76) -> 0
A77: Phone/Internet Service | B77: 0 | C77: 0 | D77: 0 | E77: 0 | F77: 0 | G77: 0 | H77: 0 | I77: 0 | J77: 0 | K77: 0 | L77: 0 | M77: 0 | N77: =SUM(B77:M77) -> 0
A78: Food Service | B78: 0 | C78: 0 | D78: 0 | E78: 0 | F78: 0 | G78: 0 | H78: 0 | I78: 0 | J78: 0 | K78: 0 | L78: 0 | M78: 0 | N78: =SUM(B78:M78) -> 0
A79: Transportation | B79: 0 | C79: 0 | D79: 0 | E79: 0 | F79: 0 | G79: 0 | H79: 0 | I79: 0 | J79: 0 | K79: 0 | L79: 0 | M79: 0 | N79: =SUM(B79:M79) -> 0
A80: Health Supplies | B80: 0 | C80: 0 | D80: 0 | E80: 0 | F80: 0 | G80: 0 | H80: 0 | I80: 0 | J80: 0 | K80: 0 | L80: 0 | M80: 0 | N80: =SUM(B80:M80) -> 0
A81: Pest Control | B81: 0 | C81: 0 | D81: 0 | E81: 0 | F81: 0 | G81: 0 | H81: 0 | I81: 0 | J81: 0 | K81: 0 | L81: 0 | M81: 0 | N81: =SUM(B81:M81) -> 0
A82: Janitorial Supplies & Services | B82: 0 | C82: 0 | D82: 0 | E82: 0 | F82: 0 | G82: 0 | H82: 0 | I82: 0 | J82: 0 | K82: 0 | L82: 0 | M82: 0 | N82: =SUM(B82:M82) -> 0
A83: Waste Disposal | B83: 0 | C83: 0 | D83: 0 | E83: 0 | F83: 0 | G83: 0 | H83: 0 | I83: 0 | J83: 0 | K83: 0 | L83: 0 | M83: 0 | N83: =SUM(B83:M83) -> 0
A84: Marketing | B84: 0 | C84: 0 | D84: 0 | E84: 0 | F84: 0 | G84: 0 | H84: 0 | I84: 0 | J84: 0 | K84: 0 | L84: 0 | M84: 0 | N84: =SUM(B84:M84) -> 0
A85: Translation Service | B85: 0 | C85: 0 | D85: 0 | E85: 0 | F85: 0 | G85: 0 | H85: 0 | I85: 0 | J85: 0 | K85: 0 | L85: 0 | M85: 0 | N85: =SUM(B85:M85) -> 0
N86: =SUM(B86:M86) -> 0
A87: Total Services & Supplies | B87: =SUM(B58:B86) -> 2425 | C87: =SUM(C58:C86) -> 2425 | D87: =SUM(D58:D86) -> 2425 | E87: =SUM(E58:E86) -> 2425 | F87: =SUM(F58:F86) -> 2425 | G87: =SUM(G58:G86) -> 2425 | H87: =SUM(H58:H86) -> 2425 | I87: =SUM(I58:I86) -> 2425 | ... N87: =SUM(N58:N86) -> 29100
A89: FACILITIES
A90: Rent/Lease/Mortgage | B90: 0 | C90: 0 | D90: 0 | E90: 0 | F90: 0 | G90: 0 | H90: 0 | I90: 0 | J90: 0 | K90: 0 | L90: 0 | M90: 0 | N90: =SUM(B90:M90) -> 0
A91: Grounds Maintenance | B91: 0 | C91: 0 | D91: 0 | E91: 0 | F91: 0 | G91: 0 | H91: 0 | I91: 0 | J91: 0 | K91: 0 | L91: 0 | M91: 0 | N91: =SUM(B91:M91) -> 0
A92: Maintenance & Repair | B92: 0 | C92: 0 | D92: 0 | E92: 0 | F92: 0 | G92: 0 | H92: 0 | I92: 0 | J92: 0 | K92: 0 | L92: 0 | M92: 0 | N92: =SUM(B92:M92) -> 0
A93: Utilities | B93: 0 | C93: 0 | D93: 0 | E93: 0 | F93: 0 | G93: 0 | H93: 0 | I93: 0 | J93: 0 | K93: 0 | L93: 0 | M93: 0 | N93: =SUM(B93:M93) -> 0
A94: Fire Safety and Compliance | B94: 0 | C94: 0 | D94: 0 | E94: 0 | F94: 0 | G94: 0 | H94: 0 | I94: 0 | J94: 0 | K94: 0 | L94: 0 | M94: 0 | N94: =SUM(B94:M94) -> 0
A95: Rennovation | B95: ='5yr Budget Projection'!B111/12 -> 12500 | C95: =B95 -> 12500 | D95: =C95 -> 12500 | E95: =D95 -> 12500 | F95: =E95 -> 12500 | G95: =F95 -> 12500 | H95: =G95 -> 12500 | I95: =H95 -> 12500 | J95: =I95 -> 12500 | ... M95: =L95 -> 12500 | N95: =SUM(B95:M95) -> 150000
N96: =SUM(B96:M96) -> 0
A97: Total Facilities | B97: =SUM(B90:B96) -> 12500 | C97: =SUM(C90:C96) -> 12500 | D97: =SUM(D90:D96) -> 12500 | E97: =SUM(E90:E96) -> 12500 | F97: =SUM(F90:F96) -> 12500 | G97: =SUM(G90:G96) -> 12500 | H97: =SUM(H90:H96) -> 12500 | I97: =SUM(I90:I96) -> 12500 | ... N97: =SUM(N90:N96) -> 150000
A99: (C) TOTAL DISPURSEMENTS | B99: =ROUND(B39+B55+B87+B97,2) -> 23466.67 | C99: =ROUND(C39+C55+C87+C97,2) -> 23466.67 | D99: =ROUND(D39+D55+D87+D97,2) -> 23466.67 | E99: =ROUND(E39+E55+E87+E97,2) -> 23466.67 | F99: =ROUND(F39+F55+F87+F97,2) -> 23466.67 | G99: =ROUND(G39+G55+G87+G97,2) -> 23466.67 | H99: =ROUND(H39+H55+H87+H97,2) -> 23466.67 | I99: =ROUND(I39+I55+I87+I97,2) -> 23466.67 | ... N99: =ROUND(N39+N55+N87+N97,2) -> 281600
A101: CONTINGENCY FUND | B101: 0 | C101: 0 | D101: 0 | E101: 0 | F101: 0 | G101: 0 | H101: 0 | I101: 0 | J101: 0 | K101: 0 | L101: 0 | M101: 0 | N101: =SUM(B101:M101) -> 0
A103: (D) NET REVENUE | B103: =B16-(B99+B101) -> 20283.33 | C103: =C16-(C99+C101) -> 20283.33 | D103: =D16-(D99+D101) -> 20283.33 | E103: =E16-(E99+E101) -> 20283.33 | F103: =F16-(F99+F101) -> 20283.33 | G103: =G16-(G99+G101) -> 20283.33 | H103: =H16-(H99+H101) -> 20283.33 | I103: =I16-(I99+I101) -> 20283.33 | ... N103: =N16-(N99+N101) -> 243400
A105: ENDING CASH (A+D) | B105: =ROUND(B3+B103,2) -> 20283.33 | C105: =ROUND(C3+C103,2) -> 40566.66 | D105: =ROUND(D3+D103,2) -> 60849.99 | E105: =ROUND(E3+E103,2) -> 81133.32 | F105: =ROUND(F3+F103,2) -> 101416.65 | G105: =ROUND(G3+G103,2) -> 121699.98 | H105: =ROUND(H3+H103,2) -> 141983.31 | I105: =ROUND(I3+I103,2) -> 162266.64 | ... M105: =ROUND(M3+M103,2) -> 243399.96

Sheet Cash Flow Proj Yr1
A1: CASH FLOW PROJECTIONS-YEAR 1
A2: ='5yr Budget Projection'!A2 -> School Name: Tapestry Public Charter School Clayton | B2: July | C2: Aug | D2: Sept | E2: Oct | F2: Nov | G2: Dec | H2: Jan | I2: Feb | J2: March | K2: April | L2: May | M2: June | N2: Total
A3: (A) BEGINNING CASH | B3: ='Cash Flow Proj Yr0'!M105 -> 243399.96 | C3: =B105 -> 241352.58 | D3: =C105 -> 243903.2 | E3: =D105 -> 246453.82 | F3: =E105 -> 249004.44 | G3: =F105 -> 251555.06 | H3: =G105 -> 254105.68 | I3: =H105 -> 256656.3 | J3: =I105 -> 259206.92 | ... M3: =L105 -> 266858.78
A4: Cash Receipts:
A5: Per Pupil Revenue (local and state share), net LEA Admin fee | B5: =$N$5/12 -> 120674.59 | C5: =$N$5/12 -> 120674.59 | D5: =$N$5/12 -> 120674.59 | E5: =$N$5/12 -> 120674.59 | F5: =$N$5/12 -> 120674.59 | G5: =$N$5/12 -> 120674.59 | H5: =$N$5/12 -> 120674.59 | I5: =$N$5/12 -> 120674.59 | ... M5: =$N$5/12 -> 120674.59 | N5: ='5yr Budget Projection'!D20+'5yr Budget Projection'!D21 -> 1448095.1
A6: Donation | B6: ='5yr Budget Projection'!D23/12 -> 4166.6667 | C6: =B6 -> 4166.6667 | D6: =C6 -> 4166.6667 | E6: =D6 -> 4166.6667 | F6: =E6 -> 4166.6667 | G6: =F6 -> 4166.6667 | H6: =G6 -> 4166.6667 | I6: =H6 -> 4166.6667 | J6: =I6 -> 4166.6667 | ... M6: =L6 -> 4166.6667 | N6: =SUM(B6:M6) -> 50000
A7: Grants | N7: =SUM(B7:M7) -> 0
A8: Meal Fees | C8: ='5yr Budget Projection'!D22/10 -> 4598 | D8: =C8 -> 4598 | E8: =D8 -> 4598 | F8: =E8 -> 4598 | G8: =F8 -> 4598 | H8: =G8 -> 4598 | I8: =H8 -> 4598 | J8: =I8 -> 4598 | K8: =J8 -> 4598 | L8: =K8 -> 4598 | N8: =SUM(B8:M8) -> 45980
N9: =SUM(B9:M9) -> 0
N10: =SUM(B10:M10) -> 0
N11: =SUM(B11:M11) -> 0
N12: =SUM(B12:M12) -> 0
N13: =SUM(B13:M13) -> 0
N14: =SUM(B14:M14) -> 0
N15: =SUM(B15:M15) -> 0
A16: (B) Total Receipts | B16: =ROUND(SUM(B5:B15),2) -> 124841.25 | C16: =ROUND(SUM(C5:C15),2) -> 129439.25 | D16: =ROUND(SUM(D5:D15),2) -> 129439.25 | E16: =ROUND(SUM(E5:E15),2) -> 129439.25 | F16: =ROUND(SUM(F5:F15),2) -> 129439.25 | G16: =ROUND(SUM(G5:G15),2) -> 129439.25 | H16: =ROUND(SUM(H5:H15),2) -> 129439.25 | I16: =ROUND(SUM(I5:I15),2) -> 129439.25 | ... M16: =ROUND(SUM(M5:M15),2) -> 124841.25 | N16: =SUM(N5:N15) -> 1544075.1
A18: Cash Disbursements:
A19: PERSONNEL
A20: Principal | B20: =$N20/12 -> 8333.3333 | C20: =B20 -> 8333.3333 | D20: =C20 -> 8333.3333 | E20: =D20 -> 8333.3333 | F20: =E20 -> 8333.3333 | G20: =F20 -> 8333.3333 | H20: =G20 -> 8333.3333 | I20: =H20 -> 8333.3333 | J20: =I20 -> 8333.3333 | ... M20: =L20 -> 8333.3333 | N20: ='5yr Budget Projection'!D36 -> 100000
A21: Social Services (Social Worker/Counselor/Nurse) | B21: =$N21/12 -> 4916.6667 | C21: =B21 -> 4916.6667 | D21: =C21 -> 4916.6667 | E21: =D21 -> 4916.6667 | F21: =E21 -> 4916.6667 | G21: =F21 -> 4916.6667 | H21: =G21 -> 4916.6667 | I21: =H21 -> 4916.6667 | J21: =I21 -> 4916.6667 | ... M21: =L21 -> 4916.6667 | N21: ='5yr Budget Projection'!D37 -> 59000
A22: Technology Support | B22: =$N22/12 -> 1875 | C22: =B22 -> 1875 | D22: =C22 -> 1875 | E22: =D22 -> 1875 | F22: =E22 -> 1875 | G22: =F22 -> 1875 | H22: =G22 -> 1875 | I22: =H22 -> 1875 | J22: =I22 -> 1875 | ... M22: =L22 -> 1875 | N22: ='5yr Budget Projection'!D38 -> 22500
A23: Teachers | B23: =$N23/12 -> 24583.333 | C23: =B23 -> 24583.333 | D23: =C23 -> 24583.333 | E23: =D23 -> 24583.333 | F23: =E23 -> 24583.333 | G23: =F23 -> 24583.333 | H23: =G23 -> 24583.333 | I23: =H23 -> 24583.333 | J23: =I23 -> 24583.333 | ... M23: =L23 -> 24583.333 | N23: ='5yr Budget Projection'!D39 -> 295000
A24: Arts/PE/Comp Sci | B24: =$N24/12 -> 4916.6667 | C24: =B24 -> 4916.6667 | D24: =C24 -> 4916.6667 | E24: =D24 -> 4916.6667 | F24: =E24 -> 4916.6667 | G24: =F24 -> 4916.6667 | H24: =G24 -> 4916.6667 | I24: =H24 -> 4916.6667 | J24: =I24 -> 4916.6667 | ... M24: =L24 -> 4916.6667 | N24: ='5yr Budget Projection'!D40 -> 59000
A25: Athletics/Extracurricular Coaches | B25: =$N25/12 -> 0 | C25: =B25 -> 0 | D25: =C25 -> 0 | E25: =D25 -> 0 | F25: =E25 -> 0 | G25: =F25 -> 0 | H25: =G25 -> 0 | I25: =H25 -> 0 | J25: =I25 -> 0 | ... M25: =L25 -> 0 | N25: ='5yr Budget Projection'!D41 -> 0
A26: Guidance Counselor | B26: =$N26/12 -> 0 | C26: =B26 -> 0 | D26: =C26 -> 0 | E26: =D26 -> 0 | F26: =E26 -> 0 | G26: =F26 -> 0 | H26: =G26 -> 0 | I26: =H26 -> 0 | J26: =I26 -> 0 | ... M26: =L26 -> 0 | N26: ='5yr Budget Projection'!D42 -> 0
A27: Special Education Teacher | B27: =$N27/12 -> 6250 | C27: =B27 -> 6250 | D27: =C27 -> 6250 | E27: =D27 -> 6250 | F27: =E27 -> 6250 | G27: =F27 -> 6250 | H27: =G27 -> 6250 | I27: =H27 -> 6250 | J27: =I27 -> 6250 | ... M27: =L27 -> 6250 | N27: ='5yr Budget Projection'!D43 -> 75000
A28: Office Manager | B28: =$N28/12 -> 4583.3333 | C28: =B28 -> 4583.3333 | D28: =C28 -> 4583.3333 | E28: =D28 -> 4583.3333 | F28: =E28 -> 4583.3333 | G28: =F28 -> 4583.3333 | H28: =G28 -> 4583.3333 | I28: =H28 -> 4583.3333 | J28: =I28 -> 4583.3333 | ... M28: =L28 -> 4583.3333 | N28: ='5yr Budget Projection'!D44 -> 55000
A29: Office Assistant | B29: =$N29/12 -> 0 | C29: =B29 -> 0 | D29: =C29 -> 0 | E29: =D29 -> 0 | F29: =E29 -> 0 | G29: =F29 -> 0 | H29: =G29 -> 0 | I29: =H29 -> 0 | J29: =I29 -> 0 | ... M29: =L29 -> 0 | N29: ='5yr Budget Projection'!D45 -> 0
A30: Business manager | B30: =$N30/12 -> 0 | C30: =B30 -> 0 | D30: =C30 -> 0 | E30: =D30 -> 0 | F30: =E30 -> 0 | G30: =F30 -> 0 | H30: =G30 -> 0 | I30: =H30 -> 0 | J30: =I30 -> 0 | ... M30: =L30 -> 0 | N30: ='5yr Budget Projection'!D46 -> 0
A31: Maintenance | B31: =$N31/12 -> 1666.6667 | C31: =B31 -> 1666.6667 | D31: =C31 -> 1666.6667 | E31: =D31 -> 1666.6667 | F31: =E31 -> 1666.6667 | G31: =F31 -> 1666.6667 | H31: =G31 -> 1666.6667 | I31: =H31 -> 1666.6667 | J31: =I31 -> 1666.6667 | ... M31: =L31 -> 1666.6667 | N31: ='5yr Budget Projection'!D47 -> 20000
... A36: Other Payroll Expenses/Taxes | B36: =$N36/12 -> 0 | C36: =B36 -> 0 | D36: =C36 -> 0 | E36: =D36 -> 0 | F36: =E36 -> 0 | G36: =F36 -> 0 | H36: =G36 -> 0 | I36: =H36 -> 0 | J36: =I36 -> 0 | ... M36: =L36 -> 0 | N36: ='5yr Budget Projection'!D52 -> 0
A37: ='5yr Budget Projection'!A53 -> CEO & COO | B37: ='5yr Budget Projection'!D53/12 -> 3125 | C37: =B37 -> 3125 | D37: =C37 -> 3125 | E37: =D37 -> 3125 | F37: =E37 -> 3125 | G37: =F37 -> 3125 | H37: =G37 -> 3125 | I37: =H37 -> 3125 | J37: =I37 -> 3125 | ... M37: =L37 -> 3125 | N37: =SUM(B37:M37) -> 37500
A38: ='5yr Budget Projection'!A54 -> Assistant Principle | B38: ='5yr Budget Projection'!D54/12 -> 0 | C38: =B38 -> 0 | D38: =C38 -> 0 | E38: =D38 -> 0 | F38: =E38 -> 0 | G38: =F38 -> 0 | H38: =G38 -> 0 | I38: =H38 -> 0 | J38: =I38 -> 0 | ... M38: =L38 -> 0 | N38: =SUM(B38:M38) -> 0
A39: Total Personnel | B39: =SUM(B20:B38) -> 91832.591 | C39: =SUM(C20:C38) -> 91832.591 | D39: =SUM(D20:D38) -> 91832.591 | E39: =SUM(E20:E38) -> 91832.591 | F39: =SUM(F20:F38) -> 91832.591 | G39: =SUM(G20:G38) -> 91832.591 | H39: =SUM(H20:H38) -> 91832.591 | I39: =SUM(I20:I38) -> 91832.591 | ... N39: =SUM(N20:N38) -> 1101991.1
A41: INSTRUCTION
A42: Textbooks | B42: ='5yr Budget Projection'!D58/12 -> 687.5 | C42: =B42 -> 687.5 | D42: =C42 -> 687.5 | E42: =D42 -> 687.5 | F42: =E42 -> 687.5 | G42: =F42 -> 687.5 | H42: =G42 -> 687.5 | I42: =H42 -> 687.5 | J42: =I42 -> 687.5 | ... M42: =L42 -> 687.5 | N42: =SUM(B42:M42) -> 8250
A43: Classroom Supplies | B43: ='5yr Budget Projection'!D59/12 -> 416.66667 | C43: =B43 -> 416.66667 | D43: =C43 -> 416.66667 | E43: =D43 -> 416.66667 | F43: =E43 -> 416.66667 | G43: =F43 -> 416.66667 | H43: =G43 -> 416.66667 | I43: =H43 -> 416.66667 | J43: =I43 -> 416.66667 | ... M43: =L43 -> 416.66667 | N43: =SUM(B43:M43) -> 5000
A44: Computers | B44: ='5yr Budget Projection'!D60/12 -> 0 | C44: =B44 -> 0 | D44: =C44 -> 0 | E44: =D44 -> 0 | F44: =E44 -> 0 | G44: =F44 -> 0 | H44: =G44 -> 0 | I44: =H44 -> 0 | J44: =I44 -> 0 | ... M44: =L44 -> 0 | N44: =SUM(B44:M44) -> 0
A45: Software | B45: ='5yr Budget Projection'!D61/12 -> 0 | C45: =B45 -> 0 | D45: =C45 -> 0 | E45: =D45 -> 0 | F45: =E45 -> 0 | G45: =F45 -> 0 | H45: =G45 -> 0 | I45: =H45 -> 0 | J45: =I45 -> 0 | ... M45: =L45 -> 0 | N45: =SUM(B45:M45) -> 0
A46: Field Trips | B46: ='5yr Budget Projection'!D62/12 -> 0 | C46: =B46 -> 0 | D46: =C46 -> 0 | E46: =D46 -> 0 | F46: =E46 -> 0 | G46: =F46 -> 0 | H46: =G46 -> 0 | I46: =H46 -> 0 | J46: =I46 -> 0 | ... M46: =L46 -> 0 | N46: =SUM(B46:M46) -> 0
A47: Instructional Equipment | B47: ='5yr Budget Projection'!D63/12 -> 416.66667 | C47: =B47 -> 416.66667 | D47: =C47 -> 416.66667 | E47: =D47 -> 416.66667 | F47: =E47 -> 416.66667 | G47: =F47 -> 416.66667 | H47: =G47 -> 416.66667 | I47: =H47 -> 416.66667 | J47: =I47 -> 416.66667 | ... M47: =L47 -> 416.66667 | N47: =SUM(B47:M47) -> 5000
A48: Library and Media Center | B48: ='5yr Budget Projection'!D64/12 -> 41.666667 | C48: =B48 -> 41.666667 | D48: =C48 -> 41.666667 | E48: =D48 -> 41.666667 | F48: =E48 -> 41.666667 | G48: =F48 -> 41.666667 | H48: =G48 -> 41.666667 | I48: =H48 -> 41.666667 | J48: =I48 -> 41.666667 | ... M48: =L48 -> 41.666667 | N48: =SUM(B48:M48) -> 500
A49: Student Assessment | B49: ='5yr Budget Projection'!D65/12 -> 41.666667 | C49: =B49 -> 41.666667 | D49: =C49 -> 41.666667 | E49: =D49 -> 41.666667 | F49: =E49 -> 41.666667 | G49: =F49 -> 41.666667 | H49: =G49 -> 41.666667 | I49: =H49 -> 41.666667 | J49: =I49 -> 41.666667 | ... M49: =L49 -> 41.666667 | N49: =SUM(B49:M49) -> 500
A50: Classroom Furniture | B50: ='5yr Budget Projection'!D66/12 -> 1250 | C50: =B50 -> 1250 | D50: =C50 -> 1250 | E50: =D50 -> 1250 | F50: =E50 -> 1250 | G50: =F50 -> 1250 | H50: =G50 -> 1250 | I50: =H50 -> 1250 | J50: =I50 -> 1250 | ... M50: =L50 -> 1250 | N50: =SUM(B50:M50) -> 15000
A51: PE Equipment | B51: ='5yr Budget Projection'!D67/12 -> 208.33333 | C51: =B51 -> 208.33333 | D51: =C51 -> 208.33333 | E51: =D51 -> 208.33333 | F51: =E51 -> 208.33333 | G51: =F51 -> 208.33333 | H51: =G51 -> 208.33333 | I51: =H51 -> 208.33333 | J51: =I51 -> 208.33333 | ... M51: =L51 -> 208.33333 | N51: =SUM(B51:M51) -> 2500
A52: Art Supplies | B52: ='5yr Budget Projection'!D68/12 -> 125 | C52: =B52 -> 125 | D52: =C52 -> 125 | E52: =D52 -> 125 | F52: =E52 -> 125 | G52: =F52 -> 125 | H52: =G52 -> 125 | I52: =H52 -> 125 | J52: =I52 -> 125 | ... M52: =L52 -> 125 | N52: =SUM(B52:M52) -> 1500
B53: ='5yr Budget Projection'!D69 -> 0 | C53: =B53 -> 0 | D53: =C53 -> 0 | E53: =D53 -> 0 | F53: =E53 -> 0 | G53: =F53 -> 0 | H53: =G53 -> 0 | I53: =H53 -> 0 | J53: =I53 -> 0 | ... M53: =L53 -> 0 | N53: =SUM(B53:M53) -> 0
B54: ='5yr Budget Projection'!D70 -> 0 | C54: =B54 -> 0 | D54: =C54 -> 0 | E54: =D54 -> 0 | F54: =E54 -> 0 | G54: =F54 -> 0 | H54: =G54 -> 0 | I54: =H54 -> 0 | J54: =I54 -> 0 | ... M54: =L54 -> 0 | N54: =SUM(B54:M54) -> 0
A55: Total Instruction | B55: =SUM(B42:B54) -> 3187.5 | C55: =SUM(C42:C54) -> 3187.5 | D55: =SUM(D42:D54) -> 3187.5 | E55: =SUM(E42:E54) -> 3187.5 | F55: =SUM(F42:F54) -> 3187.5 | G55: =SUM(G42:G54) -> 3187.5 | H55: =SUM(H42:H54) -> 3187.5 | I55: =SUM(I42:I54) -> 3187.5 | ... N55: =SUM(N42:N54) -> 38250
A57: SERVICES & SUPPLIES
A58: Student Uniforms | B58: ='5yr Budget Projection'!D74/12 -> 0 | C58: =B58 -> 0 | D58: =C58 -> 0 | E58: =D58 -> 0 | F58: =E58 -> 0 | G58: =F58 -> 0 | H58: =G58 -> 0 | I58: =H58 -> 0 | J58: =I58 -> 0 | ... M58: =L58 -> 0 | N58: =SUM(B58:M58) -> 0
A59: Athletic Program | B59: ='5yr Budget Projection'!D75/12 -> 0 | C59: =B59 -> 0 | D59: =C59 -> 0 | E59: =D59 -> 0 | F59: =E59 -> 0 | G59: =F59 -> 0 | H59: =G59 -> 0 | I59: =H59 -> 0 | J59: =I59 -> 0 | ... M59: =L59 -> 0 | N59: =SUM(B59:M59) -> 0
A60: Office Supplies | B60: ='5yr Budget Projection'!D76/12 -> 41.666667 | C60: =B60 -> 41.666667 | D60: =C60 -> 41.666667 | E60: =D60 -> 41.666667 | F60: =E60 -> 41.666667 | G60: =F60 -> 41.666667 | H60: =G60 -> 41.666667 | I60: =H60 -> 41.666667 | J60: =I60 -> 41.666667 | ... M60: =L60 -> 41.666667 | N60: =SUM(B60:M60) -> 500
A61: Office Furniture | B61: ='5yr Budget Projection'!D77/12 -> 41.666667 | C61: =B61 -> 41.666667 | D61: =C61 -> 41.666667 | E61: =D61 -> 41.666667 | F61: =E61 -> 41.666667 | G61: =F61 -> 41.666667 | H61: =G61 -> 41.666667 | I61: =H61 -> 41.666667 | J61: =I61 -> 41.666667 | ... M61: =L61 -> 41.666667 | N61: =SUM(B61:M61) -> 500
A62: Office Computers & Software | B62: ='5yr Budget Projection'!D78/12 -> 0 | C62: =B62 -> 0 | D62: =C62 -> 0 | E62: =D62 -> 0 | F62: =E62 -> 0 | G62: =F62 -> 0 | H62: =G62 -> 0 | I62: =H62 -> 0 | J62: =I62 -> 0 | ... M62: =L62 -> 0 | N62: =SUM(B62:M62) -> 0
A63: Printing and Copy Services | B63: ='5yr Budget Projection'!D79/12 -> 0 | C63: =B63 -> 0 | D63: =C63 -> 0 | E63: =D63 -> 0 | F63: =E63 -> 0 | G63: =F63 -> 0 | H63: =G63 -> 0 | I63: =H63 -> 0 | J63: =I63 -> 0 | ... M63: =L63 -> 0 | N63: =SUM(B63:M63) -> 0
A64: Postage and Shipping | B64: ='5yr Budget Projection'!D80/12 -> 41.666667 | C64: =B64 -> 41.666667 | D64: =C64 -> 41.666667 | E64: =D64 -> 41.666667 | F64: =E64 -> 41.666667 | G64: =F64 -> 41.666667 | H64: =G64 -> 41.666667 | I64: =H64 -> 41.666667 | J64: =I64 -> 41.666667 | ... M64: =L64 -> 41.666667 | N64: =SUM(B64:M64) -> 500
A65: Bookkeeping | B65: ='5yr Budget Projection'!D81/12 -> 3750 | C65: =B65 -> 3750 | D65: =C65 -> 3750 | E65: =D65 -> 3750 | F65: =E65 -> 3750 | G65: =F65 -> 3750 | H65: =G65 -> 3750 | I65: =H65 -> 3750 | J65: =I65 -> 3750 | ... M65: =L65 -> 3750 | N65: =SUM(B65:M65) -> 45000
A66: Audit | B66: ='5yr Budget Projection'!D82/12 -> 666.66667 | C66: =B66 -> 666.66667 | D66: =C66 -> 666.66667 | E66: =D66 -> 666.66667 | F66: =E66 -> 666.66667 | G66: =F66 -> 666.66667 | H66: =G66 -> 666.66667 | I66: =H66 -> 666.66667 | J66: =I66 -> 666.66667 | ... M66: =L66 -> 666.66667 | N66: =SUM(B66:M66) -> 8000
A67: Payroll Services | B67: ='5yr Budget Projection'!D83/12 -> 200 | C67: =B67 -> 200 | D67: =C67 -> 200 | E67: =D67 -> 200 | F67: =E67 -> 200 | G67: =F67 -> 200 | H67: =G67 -> 200 | I67: =H67 -> 200 | J67: =I67 -> 200 | ... M67: =L67 -> 200 | N67: =SUM(B67:M67) -> 2400
A68: Banking Fees | B68: ='5yr Budget Projection'!D84/12 -> 15 | C68: =B68 -> 15 | D68: =C68 -> 15 | E68: =D68 -> 15 | F68: =E68 -> 15 | G68: =F68 -> 15 | H68: =G68 -> 15 | I68: =H68 -> 15 | J68: =I68 -> 15 | ... M68: =L68 -> 15 | N68: =SUM(B68:M68) -> 180
A69: Legal Services | B69: ='5yr Budget Projection'!D85/12 -> 166.66667 | C69: =B69 -> 166.66667 | D69: =C69 -> 166.66667 | E69: =D69 -> 166.66667 | F69: =E69 -> 166.66667 | G69: =F69 -> 166.66667 | H69: =G69 -> 166.66667 | I69: =H69 -> 166.66667 | J69: =I69 -> 166.66667 | ... M69: =L69 -> 166.66667 | N69: =SUM(B69:M69) -> 2000
... A85: Translation Service | B85: ='5yr Budget Projection'!D101/12 -> 125 | C85: =B85 -> 125 | D85: =C85 -> 125 | E85: =D85 -> 125 | F85: =E85 -> 125 | G85: =F85 -> 125 | H85: =G85 -> 125 | I85: =H85 -> 125 | J85: =I85 -> 125 | ... M85: =L85 -> 125 | N85: =SUM(B85:M85) -> 1500
N86: =SUM(B86:M86) -> 0
A87: Total Services & Supplies | B87: =SUM(B58:B86) -> 13948.333 | C87: =SUM(C58:C86) -> 13948.333 | D87: =SUM(D58:D86) -> 13948.333 | E87: =SUM(E58:E86) -> 13948.333 | F87: =SUM(F58:F86) -> 13948.333 | G87: =SUM(G58:G86) -> 13948.333 | H87: =SUM(H58:H86) -> 13948.333 | I87: =SUM(I58:I86) -> 13948.333 | ... N87: =SUM(N58:N86) -> 167380
A89: FACILITIES
A90: Rent/Lease/Mortgage | B90: ='5yr Budget Projection'!D106/12 -> 15271.875 | C90: =B90 -> 15271.875 | D90: =C90 -> 15271.875 | E90: =D90 -> 15271.875 | F90: =E90 -> 15271.875 | G90: =F90 -> 15271.875 | H90: =G90 -> 15271.875 | I90: =H90 -> 15271.875 | J90: =I90 -> 15271.875 | ... M90: =L90 -> 15271.875 | N90: =SUM(B90:M90) -> 183262.5
A91: Grounds Maintenance | B91: ='5yr Budget Projection'!D107/12 -> 490 | C91: =B91 -> 490 | D91: =C91 -> 490 | E91: =D91 -> 490 | F91: =E91 -> 490 | G91: =F91 -> 490 | H91: =G91 -> 490 | I91: =H91 -> 490 | J91: =I91 -> 490 | ... M91: =L91 -> 490 | N91: =SUM(B91:M91) -> 5880
A92: Maintenance & Repair | B92: ='5yr Budget Projection'!D108/12 -> 833.33333 | C92: =B92 -> 833.33333 | D92: =C92 -> 833.33333 | E92: =D92 -> 833.33333 | F92: =E92 -> 833.33333 | G92: =F92 -> 833.33333 | H92: =G92 -> 833.33333 | I92: =H92 -> 833.33333 | J92: =I92 -> 833.33333 | ... M92: =L92 -> 833.33333 | N92: =SUM(B92:M92) -> 10000
A93: Utilities | B93: ='5yr Budget Projection'!D109/12 -> 1200 | C93: =B93 -> 1200 | D93: =C93 -> 1200 | E93: =D93 -> 1200 | F93: =E93 -> 1200 | G93: =F93 -> 1200 | H93: =G93 -> 1200 | I93: =H93 -> 1200 | J93: =I93 -> 1200 | ... M93: =L93 -> 1200 | N93: =SUM(B93:M93) -> 14400
A94: Fire Safety and Compliance | B94: ='5yr Budget Projection'!D110/12 -> 125 | C94: =B94 -> 125 | D94: =C94 -> 125 | E94: =D94 -> 125 | F94: =E94 -> 125 | G94: =F94 -> 125 | H94: =G94 -> 125 | I94: =H94 -> 125 | J94: =I94 -> 125 | ... M94: =L94 -> 125 | N94: =SUM(B94:M94) -> 1500
B95: ='5yr Budget Projection'!D111/12 -> 0 | C95: =B95 -> 0 | D95: =C95 -> 0 | E95: =D95 -> 0 | F95: =E95 -> 0 | G95: =F95 -> 0 | H95: =G95 -> 0 | I95: =H95 -> 0 | J95: =I95 -> 0 | ... M95: =L95 -> 0 | N95: =SUM(B95:M95) -> 0
N96: =SUM(B96:M96) -> 0
A97: Total Facilities | B97: =SUM(B90:B96) -> 17920.208 | C97: =SUM(C90:C96) -> 17920.208 | D97: =SUM(D90:D96) -> 17920.208 | E97: =SUM(E90:E96) -> 17920.208 | F97: =SUM(F90:F96) -> 17920.208 | G97: =SUM(G90:G96) -> 17920.208 | H97: =SUM(H90:H96) -> 17920.208 | I97: =SUM(I90:I96) -> 17920.208 | ... N97: =SUM(N90:N96) -> 215042.5
A99: (C) TOTAL DISPURSEMENTS | B99: =ROUND(B39+B55+B87+B97,2) -> 126888.63 | C99: =ROUND(C39+C55+C87+C97,2) -> 126888.63 | D99: =ROUND(D39+D55+D87+D97,2) -> 126888.63 | E99: =ROUND(E39+E55+E87+E97,2) -> 126888.63 | F99: =ROUND(F39+F55+F87+F97,2) -> 126888.63 | G99: =ROUND(G39+G55+G87+G97,2) -> 126888.63 | H99: =ROUND(H39+H55+H87+H97,2) -> 126888.63 | I99: =ROUND(I39+I55+I87+I97,2) -> 126888.63 | ... M99: =ROUND(M39+M55+M87+M97,2) -> 126888.63 | N99: =N39+N55+N87+N97 -> 1522663.6
A101: CONTINGENCY FUND | B101: 0 | C101: 0 | D101: 0 | E101: 0 | F101: 0 | G101: 0 | H101: 0 | I101: 0 | J101: 0 | K101: 0 | L101: 0 | M101: 0 | N101: =SUM(B101:M101) -> 0
A103: (D) NET REVENUE (B-C) | B103: =B16-(B99+B101) -> -2047.38 | C103: =C16-(C99+C101) -> 2550.62 | D103: =D16-(D99+D101) -> 2550.62 | E103: =E16-(E99+E101) -> 2550.62 | F103: =F16-(F99+F101) -> 2550.62 | G103: =G16-(G99+G101) -> 2550.62 | H103: =H16-(H99+H101) -> 2550.62 | I103: =I16-(I99+I101) -> 2550.62 | ... N103: =N16-(N99+N101) -> 21411.46
A105: ENDING CASH (A+D) | B105: =ROUND(B3+B103,2) -> 241352.58 | C105: =ROUND(C3+C103,2) -> 243903.2 | D105: =ROUND(D3+D103,2) -> 246453.82 | E105: =ROUND(E3+E103,2) -> 249004.44 | F105: =ROUND(F3+F103,2) -> 251555.06 | G105: =ROUND(G3+G103,2) -> 254105.68 | H105: =ROUND(H3+H103,2) -> 256656.3 | I105: =ROUND(I3+I103,2) -> 259206.92 | ... M105: =ROUND(M3+M103,2) -> 264811.4

Sheet Cash Flow Proj Yr2
A1: CASH FLOW PROJECTIONS-YEAR 2
A2: ='5yr Budget Projection'!A2 -> School Name: Tapestry Public Charter School Clayton | B2: July | C2: Aug | D2: Sept | E2: Oct | F2: Nov | G2: Dec | H2: Jan | I2: Feb | J2: March | K2: April | L2: May | M2: June | N2: Total
A3: (A) BEGINNING CASH | B3: ='Cash Flow Proj Yr1'!M105 -> 264811.4 | C3: =B107 -> 269992.74 | D3: =C107 -> 275174.08 | E3: =D107 -> 280355.42 | F3: =E107 -> 285536.76 | G3: =F107 -> 290718.1 | H3: =G107 -> 295899.44 | I3: =H107 -> 301080.78 | J3: =I107 -> 306262.12 | ... M3: =L107 -> 321806.14
A4: Cash Receipts:
A5: Per Pupil Revenue (local and state share), net LEA Admin fee | B5: =$N$5/12 -> 147146.2 | C5: =$N$5/12 -> 147146.2 | D5: =$N$5/12 -> 147146.2 | E5: =$N$5/12 -> 147146.2 | F5: =$N$5/12 -> 147146.2 | G5: =$N$5/12 -> 147146.2 | H5: =$N$5/12 -> 147146.2 | I5: =$N$5/12 -> 147146.2 | ... M5: =$N$5/12 -> 147146.2 | N5: ='5yr Budget Projection'!F20+'5yr Budget Projection'!F21 -> 1765754.5
A6: Donation | B6: ='5yr Budget Projection'!F23/12 -> 6250 | C6: =B6 -> 6250 | D6: =C6 -> 6250 | E6: =D6 -> 6250 | F6: =E6 -> 6250 | G6: =F6 -> 6250 | H6: =G6 -> 6250 | I6: =H6 -> 6250 | J6: =I6 -> 6250 | ... M6: =L6 -> 6250 | N6: =SUM(B6:M6) -> 75000
A7: Grants | B7: ='5yr Budget Projection'!F24/12 -> 0 | C7: =B7 -> 0 | D7: =C7 -> 0 | E7: =D7 -> 0 | F7: =E7 -> 0 | G7: =F7 -> 0 | H7: =G7 -> 0 | I7: =H7 -> 0 | J7: =I7 -> 0 | ... M7: =L7 -> 0 | N7: =SUM(B7:M7) -> 0
A8: Meal Fees | B8: ='5yr Budget Projection'!F22/12 -> 4580.5833 | C8: =B8 -> 4580.5833 | D8: =C8 -> 4580.5833 | E8: =D8 -> 4580.5833 | F8: =E8 -> 4580.5833 | G8: =F8 -> 4580.5833 | H8: =G8 -> 4580.5833 | I8: =H8 -> 4580.5833 | J8: =I8 -> 4580.5833 | ... M8: =L8 -> 4580.5833 | N8: =SUM(B8:M8) -> 54967
N9: =SUM(B9:M9) -> 0
N10: =SUM(B10:M10) -> 0
N11: =SUM(B11:M11) -> 0
N12: =SUM(B12:M12) -> 0
N13: =SUM(B13:M13) -> 0
N14: =SUM(B14:M14) -> 0
N15: =SUM(B15:M15) -> 0
A16: (B) Total Receipts | B16: =ROUND(SUM(B5:B15),2) -> 157976.79 | C16: =ROUND(SUM(C5:C15),2) -> 157976.79 | D16: =ROUND(SUM(D5:D15),2) -> 157976.79 | E16: =ROUND(SUM(E5:E15),2) -> 157976.79 | F16: =ROUND(SUM(F5:F15),2) -> 157976.79 | G16: =ROUND(SUM(G5:G15),2) -> 157976.79 | H16: =ROUND(SUM(H5:H15),2) -> 157976.79 | I16: =ROUND(SUM(I5:I15),2) -> 157976.79 | ... M16: =ROUND(SUM(M5:M15),2) -> 157976.79 | N16: =SUM(N5:N15) -> 1895721.5
A18: Cash Disbursements:
A19: PERSONNEL
A20: Principal | B20: ='5yr Budget Projection'!F36/12 -> 8500 | C20: =B20 -> 8500 | D20: =C20 -> 8500 | E20: =D20 -> 8500 | F20: =E20 -> 8500 | G20: =F20 -> 8500 | H20: =G20 -> 8500 | I20: =H20 -> 8500 | J20: =I20 -> 8500 | ... M20: =L20 -> 8500 | N20: ='5yr Budget Projection'!F36 -> 102000
A21: Social Services (Social Worker/Counselor/Nurse) | B21: ='5yr Budget Projection'!F37/12 -> 5015 | C21: =B21 -> 5015 | D21: =C21 -> 5015 | E21: =D21 -> 5015 | F21: =E21 -> 5015 | G21: =F21 -> 5015 | H21: =G21 -> 5015 | I21: =H21 -> 5015 | J21: =I21 -> 5015 | ... M21: =L21 -> 5015 | N21: ='5yr Budget Projection'!F37 -> 60180
A22: Technology Support | B22: ='5yr Budget Projection'!F38/12 -> 1912.5 | C22: =B22 -> 1912.5 | D22: =C22 -> 1912.5 | E22: =D22 -> 1912.5 | F22: =E22 -> 1912.5 | G22: =F22 -> 1912.5 | H22: =G22 -> 1912.5 | I22: =H22 -> 1912.5 | J22: =I22 -> 1912.5 | ... M22: =L22 -> 1912.5 | N22: ='5yr Budget Projection'!F38 -> 22950
A23: Teachers | B23: ='5yr Budget Projection'!F39/12 -> 28988.571 | C23: =B23 -> 28988.571 | D23: =C23 -> 28988.571 | E23: =D23 -> 28988.571 | F23: =E23 -> 28988.571 | G23: =F23 -> 28988.571 | H23: =G23 -> 28988.571 | I23: =H23 -> 28988.571 | J23: =I23 -> 28988.571 | ... M23: =L23 -> 28988.571 | N23: ='5yr Budget Projection'!F39 -> 347862.86
A24: Arts/PE/Comp Sci | B24: ='5yr Budget Projection'!F40/12 -> 5015 | C24: =B24 -> 5015 | D24: =C24 -> 5015 | E24: =D24 -> 5015 | F24: =E24 -> 5015 | G24: =F24 -> 5015 | H24: =G24 -> 5015 | I24: =H24 -> 5015 | J24: =I24 -> 5015 | ... M24: =L24 -> 5015 | N24: ='5yr Budget Projection'!F40 -> 60180
A25: Athletics/Extracurricular Coaches | B25: ='5yr Budget Projection'!F41/12 -> 0 | C25: =B25 -> 0 | D25: =C25 -> 0 | E25: =D25 -> 0 | F25: =E25 -> 0 | G25: =F25 -> 0 | H25: =G25 -> 0 | I25: =H25 -> 0 | J25: =I25 -> 0 | ... M25: =L25 -> 0 | N25: ='5yr Budget Projection'!F41 -> 0
A26: Guidance Counselor | B26: ='5yr Budget Projection'!F42/12 -> 0 | C26: =B26 -> 0 | D26: =C26 -> 0 | E26: =D26 -> 0 | F26: =E26 -> 0 | G26: =F26 -> 0 | H26: =G26 -> 0 | I26: =H26 -> 0 | J26: =I26 -> 0 | ... M26: =L26 -> 0 | N26: ='5yr Budget Projection'!F42 -> 0
A27: Special Education Teacher | B27: ='5yr Budget Projection'!F43/12 -> 6375 | C27: =B27 -> 6375 | D27: =C27 -> 6375 | E27: =D27 -> 6375 | F27: =E27 -> 6375 | G27: =F27 -> 6375 | H27: =G27 -> 6375 | I27: =H27 -> 6375 | J27: =I27 -> 6375 | ... M27: =L27 -> 6375 | N27: ='5yr Budget Projection'!F43 -> 76500
A28: Office Manager | B28: ='5yr Budget Projection'!F44/12 -> 4675 | C28: =B28 -> 4675 | D28: =C28 -> 4675 | E28: =D28 -> 4675 | F28: =E28 -> 4675 | G28: =F28 -> 4675 | H28: =G28 -> 4675 | I28: =H28 -> 4675 | J28: =I28 -> 4675 | ... M28: =L28 -> 4675 | N28: ='5yr Budget Projection'!F44 -> 56100
A29: Office Assistant | B29: ='5yr Budget Projection'!F45/12 -> 0 | C29: =B29 -> 0 | D29: =C29 -> 0 | E29: =D29 -> 0 | F29: =E29 -> 0 | G29: =F29 -> 0 | H29: =G29 -> 0 | I29: =H29 -> 0 | J29: =I29 -> 0 | ... M29: =L29 -> 0 | N29: ='5yr Budget Projection'!F45 -> 0
A30: Business manager | B30: ='5yr Budget Projection'!F46/12 -> 0 | C30: =B30 -> 0 | D30: =C30 -> 0 | E30: =D30 -> 0 | F30: =E30 -> 0 | G30: =F30 -> 0 | H30: =G30 -> 0 | I30: =H30 -> 0 | J30: =I30 -> 0 | ... M30: =L30 -> 0 | N30: ='5yr Budget Projection'!F46 -> 0
A31: Maintenance | B31: ='5yr Budget Projection'!F47/12 -> 1700 | C31: =B31 -> 1700 | D31: =C31 -> 1700 | E31: =D31 -> 1700 | F31: =E31 -> 1700 | G31: =F31 -> 1700 | H31: =G31 -> 1700 | I31: =H31 -> 1700 | J31: =I31 -> 1700 | ... M31: =L31 -> 1700 | N31: ='5yr Budget Projection'!F47 -> 20400
... A36: Other Payroll Expenses/Taxes | B36: ='5yr Budget Projection'!F52/12 -> 0 | C36: =B36 -> 0 | D36: =C36 -> 0 | E36: =D36 -> 0 | F36: =E36 -> 0 | G36: =F36 -> 0 | H36: =G36 -> 0 | I36: =H36 -> 0 | J36: =I36 -> 0 | ... M36: =L36 -> 0 | N36: ='5yr Budget Projection'!F52 -> 0
A37: ='5yr Budget Projection'!A53 -> CEO & COO | B37: ='5yr Budget Projection'!F53/12 -> 4375 | C37: =B37 -> 4375 | D37: =C37 -> 4375 | E37: =D37 -> 4375 | F37: =E37 -> 4375 | G37: =F37 -> 4375 | H37: =G37 -> 4375 | I37: =H37 -> 4375 | J37: =I37 -> 4375 | ... M37: =L37 -> 4375 | N37: =SUM(B37:M37) -> 52500
A38: ='5yr Budget Projection'!A54 -> Assistant Principle | B38: ='5yr Budget Projection'!F54/12 -> 7500 | C38: =B38 -> 7500 | D38: =C38 -> 7500 | E38: =D38 -> 7500 | F38: =E38 -> 7500 | G38: =F38 -> 7500 | H38: =G38 -> 7500 | I38: =H38 -> 7500 | J38: =I38 -> 7500 | ... M38: =L38 -> 7500 | N38: =SUM(B38:M38) -> 90000
A39: Total Personnel | B39: =SUM(B20:B38) -> 106902.07 | C39: =SUM(C20:C38) -> 106902.07 | D39: =SUM(D20:D38) -> 106902.07 | E39: =SUM(E20:E38) -> 106902.07 | F39: =SUM(F20:F38) -> 106902.07 | G39: =SUM(G20:G38) -> 106902.07 | H39: =SUM(H20:H38) -> 106902.07 | I39: =SUM(I20:I38) -> 106902.07 | ... N39: =SUM(N20:N38) -> 1282824.8
A41: INSTRUCTION
A42: Textbooks | B42: ='5yr Budget Projection'!F58/12 -> 821.875 | C42: =B42 -> 821.875 | D42: =C42 -> 821.875 | E42: =D42 -> 821.875 | F42: =E42 -> 821.875 | G42: =F42 -> 821.875 | H42: =G42 -> 821.875 | I42: =H42 -> 821.875 | J42: =I42 -> 821.875 | ... M42: =L42 -> 821.875 | N42: =SUM(B42:M42) -> 9862.5
A43: Classroom Supplies | B43: ='5yr Budget Projection'!F59/12 -> 416.66667 | C43: =B43 -> 416.66667 | D43: =C43 -> 416.66667 | E43: =D43 -> 416.66667 | F43: =E43 -> 416.66667 | G43: =F43 -> 416.66667 | H43: =G43 -> 416.66667 | I43: =H43 -> 416.66667 | J43: =I43 -> 416.66667 | ... M43: =L43 -> 416.66667 | N43: =SUM(B43:M43) -> 5000
A44: Computers | B44: ='5yr Budget Projection'!F60/12 -> 447.91667 | C44: =B44 -> 447.91667 | D44: =C44 -> 447.91667 | E44: =D44 -> 447.91667 | F44: =E44 -> 447.91667 | G44: =F44 -> 447.91667 | H44: =G44 -> 447.91667 | I44: =H44 -> 447.91667 | J44: =I44 -> 447.91667 | ... M44: =L44 -> 447.91667 | N44: =SUM(B44:M44) -> 5375
A45: Software | B45: ='5yr Budget Projection'!F61/12 -> 1275 | C45: =B45 -> 1275 | D45: =C45 -> 1275 | E45: =D45 -> 1275 | F45: =E45 -> 1275 | G45: =F45 -> 1275 | H45: =G45 -> 1275 | I45: =H45 -> 1275 | J45: =I45 -> 1275 | ... M45: =L45 -> 1275 | N45: =SUM(B45:M45) -> 15300
A46: Field Trips | B46: ='5yr Budget Projection'!F62/12 -> 0 | C46: =B46 -> 0 | D46: =C46 -> 0 | E46: =D46 -> 0 | F46: =E46 -> 0 | G46: =F46 -> 0 | H46: =G46 -> 0 | I46: =H46 -> 0 | J46: =I46 -> 0 | ... M46: =L46 -> 0 | N46: =SUM(B46:M46) -> 0
A47: Instructional Equipment | B47: ='5yr Budget Projection'!F63/12 -> 833.33333 | C47: =B47 -> 833.33333 | D47: =C47 -> 833.33333 | E47: =D47 -> 833.33333 | F47: =E47 -> 833.33333 | G47: =F47 -> 833.33333 | H47: =G47 -> 833.33333 | I47: =H47 -> 833.33333 | J47: =I47 -> 833.33333 | ... M47: =L47 -> 833.33333 | N47: =SUM(B47:M47) -> 10000
A48: Library and Media Center | B48: ='5yr Budget Projection'!F64/12 -> 42.5 | C48: =B48 -> 42.5 | D48: =C48 -> 42.5 | E48: =D48 -> 42.5 | F48: =E48 -> 42.5 | G48: =F48 -> 42.5 | H48: =G48 -> 42.5 | I48: =H48 -> 42.5 | J48: =I48 -> 42.5 | ... M48: =L48 -> 42.5 | N48: =SUM(B48:M48) -> 510
A49: Student Assessment | B49: ='5yr Budget Projection'!F65/12 -> 42.5 | C49: =B49 -> 42.5 | D49: =C49 -> 42.5 | E49: =D49 -> 42.5 | F49: =E49 -> 42.5 | G49: =F49 -> 42.5 | H49: =G49 -> 42.5 | I49: =H49 -> 42.5 | J49: =I49 -> 42.5 | ... M49: =L49 -> 42.5 | N49: =SUM(B49:M49) -> 510
A50: Classroom Furniture | B50: ='5yr Budget Projection'!F66/12 -> 208.33333 | C50: =B50 -> 208.33333 | D50: =C50 -> 208.33333 | E50: =D50 -> 208.33333 | F50: =E50 -> 208.33333 | G50: =F50 -> 208.33333 | H50: =G50 -> 208.33333 | I50: =H50 -> 208.33333 | J50: =I50 -> 208.33333 | ... M50: =L50 -> 208.33333 | N50: =SUM(B50:M50) -> 2500
A51: PE Equipment | B51: ='5yr Budget Projection'!F67/12 -> 212.5 | C51: =B51 -> 212.5 | D51: =C51 -> 212.5 | E51: =D51 -> 212.5 | F51: =E51 -> 212.5 | G51: =F51 -> 212.5 | H51: =G51 -> 212.5 | I51: =H51 -> 212.5 | J51: =I51 -> 212.5 | ... M51: =L51 -> 212.5 | N51: =SUM(B51:M51) -> 2550
A52: Art Supplies | B52: ='5yr Budget Projection'!F68/12 -> 127.5 | C52: =B52 -> 127.5 | D52: =C52 -> 127.5 | E52: =D52 -> 127.5 | F52: =E52 -> 127.5 | G52: =F52 -> 127.5 | H52: =G52 -> 127.5 | I52: =H52 -> 127.5 | J52: =I52 -> 127.5 | ... M52: =L52 -> 127.5 | N52: =SUM(B52:M52) -> 1530
A53: work study | B53: ='5yr Budget Projection'!F69/12 -> 0 | C53: =B53 -> 0 | D53: =C53 -> 0 | E53: =D53 -> 0 | F53: =E53 -> 0 | G53: =F53 -> 0 | H53: =G53 -> 0 | I53: =H53 -> 0 | J53: =I53 -> 0 | ... M53: =L53 -> 0 | N53: =SUM(B53:M53) -> 0
A54: Out of state field study | B54: ='5yr Budget Projection'!F70/12 -> 0 | C54: 0 | D54: 0 | E54: 0 | F54: 0 | G54: 0 | H54: 0 | I54: 0 | J54: 0 | K54: 0 | L54: 0 | M54: 0 | N54: =SUM(B54:M54) -> 0
N55: =SUM(B55:M55) -> 0
B56: ='5yr Budget Projection'!F72/12 -> 0 | N56: =SUM(B56:M56) -> 0
A57: Total Instruction | B57: =SUM(B42:B56) -> 4428.125 | C57: =SUM(C42:C56) -> 4428.125 | D57: =SUM(D42:D56) -> 4428.125 | E57: =SUM(E42:E56) -> 4428.125 | F57: =SUM(F42:F56) -> 4428.125 | G57: =SUM(G42:G56) -> 4428.125 | H57: =SUM(H42:H56) -> 4428.125 | I57: =SUM(I42:I56) -> 4428.125 | ... N57: =SUM(N42:N56) -> 53137.5
A59: SERVICES & SUPPLIES
A60: Student Uniforms | B60: ='5yr Budget Projection'!F74/12 -> 0 | C60: =B60 -> 0 | D60: =C60 -> 0 | E60: =D60 -> 0 | F60: =E60 -> 0 | G60: =F60 -> 0 | H60: =G60 -> 0 | I60: =H60 -> 0 | J60: =I60 -> 0 | ... M60: =L60 -> 0 | N60: =SUM(B60:M60) -> 0
A61: Athletic Program | B61: ='5yr Budget Projection'!F75/12 -> 0 | C61: =B61 -> 0 | D61: =C61 -> 0 | E61: =D61 -> 0 | F61: =E61 -> 0 | G61: =F61 -> 0 | H61: =G61 -> 0 | I61: =H61 -> 0 | J61: =I61 -> 0 | ... M61: =L61 -> 0 | N61: =SUM(B61:M61) -> 0
A62: Office Supplies | B62: ='5yr Budget Projection'!F76/12 -> 42.5 | C62: =B62 -> 42.5 | D62: =C62 -> 42.5 | E62: =D62 -> 42.5 | F62: =E62 -> 42.5 | G62: =F62 -> 42.5 | H62: =G62 -> 42.5 | I62: =H62 -> 42.5 | J62: =I62 -> 42.5 | ... M62: =L62 -> 42.5 | N62: =SUM(B62:M62) -> 510
A63: Office Furniture | B63: ='5yr Budget Projection'!F77/12 -> 41.666667 | C63: =B63 -> 41.666667 | D63: =C63 -> 41.666667 | E63: =D63 -> 41.666667 | F63: =E63 -> 41.666667 | G63: =F63 -> 41.666667 | H63: =G63 -> 41.666667 | I63: =H63 -> 41.666667 | J63: =I63 -> 41.666667 | ... M63: =L63 -> 41.666667 | N63: =SUM(B63:M63) -> 500
A64: Office Computers & Software | B64: ='5yr Budget Projection'!F78/12 -> 500 | C64: =B64 -> 500 | D64: =C64 -> 500 | E64: =D64 -> 500 | F64: =E64 -> 500 | G64: =F64 -> 500 | H64: =G64 -> 500 | I64: =H64 -> 500 | J64: =I64 -> 500 | ... M64: =L64 -> 500 | N64: =SUM(B64:M64) -> 6000
A65: Printing and Copy Services | B65: ='5yr Budget Projection'!F79/12 -> 0 | C65: =B65 -> 0 | D65: =C65 -> 0 | E65: =D65 -> 0 | F65: =E65 -> 0 | G65: =F65 -> 0 | H65: =G65 -> 0 | I65: =H65 -> 0 | J65: =I65 -> 0 | ... M65: =L65 -> 0 | N65: =SUM(B65:M65) -> 0
A66: Postage and Shipping | B66: ='5yr Budget Projection'!F80/12 -> 42.5 | C66: =B66 -> 42.5 | D66: =C66 -> 42.5 | E66: =D66 -> 42.5 | F66: =E66 -> 42.5 | G66: =F66 -> 42.5 | H66: =G66 -> 42.5 | I66: =H66 -> 42.5 | J66: =I66 -> 42.5 | ... M66: =L66 -> 42.5 | N66: =SUM(B66:M66) -> 510
A67: Bookkeeping | B67: ='5yr Budget Projection'!F81/12 -> 3825 | C67: =B67 -> 3825 | D67: =C67 -> 3825 | E67: =D67 -> 3825 | F67: =E67 -> 3825 | G67: =F67 -> 3825 | H67: =G67 -> 3825 | I67: =H67 -> 3825 | J67: =I67 -> 3825 | ... M67: =L67 -> 3825 | N67: =SUM(B67:M67) -> 45900
A68: Audit | B68: ='5yr Budget Projection'!F82/12 -> 750 | C68: =B68 -> 750 | D68: =C68 -> 750 | E68: =D68 -> 750 | F68: =E68 -> 750 | G68: =F68 -> 750 | H68: =G68 -> 750 | I68: =H68 -> 750 | J68: =I68 -> 750 | ... M68: =L68 -> 750 | N68: =SUM(B68:M68) -> 9000
A69: Payroll Services | B69: ='5yr Budget Projection'!F83/12 -> 19.833333 | C69: =B69 -> 19.833333 | D69: =C69 -> 19.833333 | E69: =D69 -> 19.833333 | F69: =E69 -> 19.833333 | G69: =F69 -> 19.833333 | H69: =G69 -> 19.833333 | I69: =H69 -> 19.833333 | J69: =I69 -> 19.833333 | ... M69: =L69 -> 19.833333 | N69: =SUM(B69:M69) -> 238
A70: Banking Fees | B70: ='5yr Budget Projection'!F84/12 -> 15.3 | C70: =B70 -> 15.3 | D70: =C70 -> 15.3 | E70: =D70 -> 15.3 | F70: =E70 -> 15.3 | G70: =F70 -> 15.3 | H70: =G70 -> 15.3 | I70: =H70 -> 15.3 | J70: =I70 -> 15.3 | ... M70: =L70 -> 15.3 | N70: =SUM(B70:M70) -> 183.6
A71: Legal Services | B71: ='5yr Budget Projection'!F85/12 -> 166.66667 | C71: =B71 -> 166.66667 | D71: =C71 -> 166.66667 | E71: =D71 -> 166.66667 | F71: =E71 -> 166.66667 | G71: =F71 -> 166.66667 | H71: =G71 -> 166.66667 | I71: =H71 -> 166.66667 | J71: =I71 -> 166.66667 | ... M71: =L71 -> 166.66667 | N71: =SUM(B71:M71) -> 2000
... A87: Translation Service | B87: ='5yr Budget Projection'!F101/12 -> 127.5 | C87: =B87 -> 127.5 | D87: =C87 -> 127.5 | E87: =D87 -> 127.5 | F87: =E87 -> 127.5 | G87: =F87 -> 127.5 | H87: =G87 -> 127.5 | I87: =H87 -> 127.5 | J87: =I87 -> 127.5 | ... M87: =L87 -> 127.5 | N87: =SUM(B87:M87) -> 1530
N88: =SUM(B88:M88) -> 0
A89: Total Services & Supplies | B89: =SUM(B60:B88) -> 20777.083 | C89: =SUM(C60:C88) -> 20777.083 | D89: =SUM(D60:D88) -> 20777.083 | E89: =SUM(E60:E88) -> 20777.083 | F89: =SUM(F60:F88) -> 20777.083 | G89: =SUM(G60:G88) -> 20777.083 | H89: =SUM(H60:H88) -> 20777.083 | I89: =SUM(I60:I88) -> 20777.083 | ... N89: =SUM(N60:N88) -> 249325
A91: FACILITIES
A92: Rent/Lease/Mortgage | B92: ='5yr Budget Projection'!F106/12 -> 17986.875 | C92: =B92 -> 17986.875 | D92: =C92 -> 17986.875 | E92: =D92 -> 17986.875 | F92: =E92 -> 17986.875 | G92: =F92 -> 17986.875 | H92: =G92 -> 17986.875 | I92: =H92 -> 17986.875 | J92: =I92 -> 17986.875 | ... M92: =L92 -> 17986.875 | N92: =SUM(B92:M92) -> 215842.5
A93: Grounds Maintenance | B93: ='5yr Budget Projection'!F107/12 -> 499.8 | C93: =B93 -> 499.8 | D93: =C93 -> 499.8 | E93: =D93 -> 499.8 | F93: =E93 -> 499.8 | G93: =F93 -> 499.8 | H93: =G93 -> 499.8 | I93: =H93 -> 499.8 | J93: =I93 -> 499.8 | ... M93: =L93 -> 499.8 | N93: =SUM(B93:M93) -> 5997.6
A94: Maintenance & Repair | B94: ='5yr Budget Projection'!F108/12 -> 850 | C94: =B94 -> 850 | D94: =C94 -> 850 | E94: =D94 -> 850 | F94: =E94 -> 850 | G94: =F94 -> 850 | H94: =G94 -> 850 | I94: =H94 -> 850 | J94: =I94 -> 850 | ... M94: =L94 -> 850 | N94: =SUM(B94:M94) -> 10200
A95: Utilities | B95: ='5yr Budget Projection'!F109/12 -> 1224 | C95: =B95 -> 1224 | D95: =C95 -> 1224 | E95: =D95 -> 1224 | F95: =E95 -> 1224 | G95: =F95 -> 1224 | H95: =G95 -> 1224 | I95: =H95 -> 1224 | J95: =I95 -> 1224 | ... M95: =L95 -> 1224 | N95: =SUM(B95:M95) -> 14688
A96: Fire Safety and Compliance | B96: ='5yr Budget Projection'!F110/12 -> 127.5 | C96: =B96 -> 127.5 | D96: =C96 -> 127.5 | E96: =D96 -> 127.5 | F96: =E96 -> 127.5 | G96: =F96 -> 127.5 | H96: =G96 -> 127.5 | I96: =H96 -> 127.5 | J96: =I96 -> 127.5 | ... M96: =L96 -> 127.5 | N96: =SUM(B96:M96) -> 1530
N97: =SUM(B97:M97) -> 0
N98: =SUM(B98:M98) -> 0
A99: Total Facilities | B99: =SUM(B92:B98) -> 20688.175 | C99: =SUM(C92:C98) -> 20688.175 | D99: =SUM(D92:D98) -> 20688.175 | E99: =SUM(E92:E98) -> 20688.175 | F99: =SUM(F92:F98) -> 20688.175 | G99: =SUM(G92:G98) -> 20688.175 | H99: =SUM(H92:H98) -> 20688.175 | I99: =SUM(I92:I98) -> 20688.175 | ... N99: =SUM(N92:N98) -> 248258.1
A101: (C) TOTAL DISPURSEMENTS | B101: =ROUND(B39+B57+B89+B99,2) -> 152795.45 | C101: =ROUND(C39+C57+C89+C99,2) -> 152795.45 | D101: =ROUND(D39+D57+D89+D99,2) -> 152795.45 | E101: =ROUND(E39+E57+E89+E99,2) -> 152795.45 | F101: =ROUND(F39+F57+F89+F99,2) -> 152795.45 | G101: =ROUND(G39+G57+G89+G99,2) -> 152795.45 | H101: =ROUND(H39+H57+H89+H99,2) -> 152795.45 | I101: =ROUND(I39+I57+I89+I99,2) -> 152795.45 | ... M101: =ROUND(M39+M57+M89+M99,2) -> 152795.45 | N101: =N39+N57+N89+N99 -> 1833545.4
A103: CONTINGENCY FUND | B103: ='5yr Budget Projection'!F117/12 -> 0 | C103: =B103 -> 0 | D103: =C103 -> 0 | E103: =D103 -> 0 | F103: =E103 -> 0 | G103: =F103 -> 0 | H103: =G103 -> 0 | I103: =H103 -> 0 | J103: =I103 -> 0 | ... M103: =L103 -> 0 | N103: =SUM(B103:M103) -> 0
A105: (D) NET REVENUE (B-C) | B105: =B16-(B101+B103) -> 5181.34 | C105: =C16-(C101+C103) -> 5181.34 | D105: =D16-(D101+D103) -> 5181.34 | E105: =E16-(E101+E103) -> 5181.34 | F105: =F16-(F101+F103) -> 5181.34 | G105: =G16-(G101+G103) -> 5181.34 | H105: =H16-(H101+H103) -> 5181.34 | I105: =I16-(I101+I103) -> 5181.34 | ... N105: =N16-(N101+N103) -> 62176.005
A107: ENDING CASH (A+D) | B107: =ROUND(B3+B105,2) -> 269992.74 | C107: =ROUND(C3+C105,2) -> 275174.08 | D107: =ROUND(D3+D105,2) -> 280355.42 | E107: =ROUND(E3+E105,2) -> 285536.76 | F107: =ROUND(F3+F105,2) -> 290718.1 | G107: =ROUND(G3+G105,2) -> 295899.44 | H107: =ROUND(H3+H105,2) -> 301080.78 | I107: =ROUND(I3+I105,2) -> 306262.12 | ... M107: =ROUND(M3+M105,2) -> 326987.48

Sheet Red Flag
A1: ='5yr Budget Projection'!A2 -> School Name: Tapestry Public Charter School Clayton | B1: Planning Year | C1: Year 1 | D1: Year 2 | E1: Year 3 | F1: Year 4 | G1: Year 5
A2: Surplus (Deficit) | B2: =IF('5yr Budget Projection'!B119<0,"Red Flag!","OK") -> OK | C2: =IF('5yr Budget Projection'!D119<0,"Red Flag!","OK") -> OK | D2: =IF('5yr Budget Projection'!F119<0,"Red Flag!","OK") -> OK | E2: =IF('5yr Budget Projection'!H119<0,"Red Flag!","OK") -> OK | F2: =IF('5yr Budget Projection'!J119<0,"Red Flag!","OK") -> OK | G2: =IF('5yr Budget Projection'!L119<0,"Red Flag!","OK") -> OK
A3: Ending Cash Balance | B3: =IF('5yr Budget Projection'!B125<0,"Red Flag!","OK") -> OK | C3: =IF('5yr Budget Projection'!D125<0,"Red Flag!","OK") -> OK | D3: =IF('5yr Budget Projection'!F125<0,"Red Flag!","OK") -> OK | E3: =IF('5yr Budget Projection'!H125<0,"Red Flag!","OK") -> OK | F3: =IF('5yr Budget Projection'!J125<0,"Red Flag!","OK") -> OK | G3: =IF('5yr Budget Projection'!L125<0,"Red Flag!","OK") -> OK
A4: Total Facilities Costs>15% of Total Expenses | B4: =IF('5yr Budget Projection'!C113>15%,"Red Flag!","OK") -> Red Flag! | C4: =IF('5yr Budget Projection'!E113>15%,"Red Flag!","OK") -> OK | D4: =IF('5yr Budget Projection'!G113>15%,"Red Flag!","OK") -> OK | E4: =IF('5yr Budget Projection'!I113>15%,"Red Flag!","OK") -> OK | F4: =IF('5yr Budget Projection'!K113>15%,"Red Flag!","OK") -> OK | G4: =IF('5yr Budget Projection'!M113>15%,"Red Flag!","OK") -> OK
A6: Cash Flow Projections: Do the Cash Flow Proj. From the 5yr Budget match yr 0-2 Cash Flow Proj.? | B6: YES | C6: YES | D6: YES
